Workbook
Name \a: #REF!
Name \a: #REF!
Name \a: #REF!
Name \a: #REF!
Name \s: #REF!
Name \s: #REF!
Name \s: #REF!
Name \s: #REF!
Name _______________________PJ50: #REF!
Name _______________________PJ50: #REF!
Name _______________________PJ50: #REF!
Name _______________________PJ50: #REF!
Name ______________________PJ50: #REF!
Name ______________________PJ50: #REF!
Name ______________________PJ50: #REF!
Name ______________________PJ50: #REF!
Name ______________________pj51: #REF!
Name ______________________pj51: #REF!
Name ______________________pj51: #REF!
Name ______________________pj51: #REF!
Name _____________________PJ50: #REF!
Name _____________________PJ50: #REF!
Name _____________________PJ50: #REF!
Name _____________________PJ50: #REF!
Name _____________________pj51: #REF!
Name _____________________pj51: #REF!
Name _____________________pj51: #REF!
Name _____________________pj51: #REF!
Name _____________________xz2: #REF!
Name _____________________xz2: #REF!
Name _____________________xz2: #REF!
Name _____________________xz2: #REF!
Name ____________________PJ50: #REF!
Name ____________________PJ50: #REF!
Name ____________________PJ50: #REF!
Name ____________________PJ50: #REF!
Name ____________________pj51: #REF!
Name ____________________pj51: #REF!
Name ____________________pj51: #REF!
Name ____________________pj51: #REF!
Name ____________________xz2: #REF!
Name ____________________xz2: #REF!
Name ____________________xz2: #REF!
Name ____________________xz2: #REF!
Name ___________________PJ50: #REF!
Name ___________________PJ50: #REF!
Name ___________________PJ50: #REF!
Name ___________________PJ50: #REF!
Name ___________________pj51: #REF!
Name ___________________pj51: #REF!
Name ___________________pj51: #REF!
Name ___________________pj51: #REF!
Name ___________________xz2: #REF!
Name ___________________xz2: #REF!
Name ___________________xz2: #REF!
Name ___________________xz2: #REF!
Name __________________A1: IF('630,6P'!Values_Entered,'630,6P'!Header_Row+'630,6P'!Number_of_Payments,'630,6P'!Header_Row)
Name __________________A1: IF(Propuesta.!Values_Entered,Propuesta.!Header_Row+Propuesta.!Number_of_Payments,Propuesta.!Header_Row)
Name __________________A1: IF('Pto. Obra'!Values_Entered,'Pto. Obra'!Header_Row+'Pto. Obra'!Number_of_Payments,'Pto. Obra'!Header_Row)
Name __________________A1: IF(Values_Entered,Header_Row+Number_of_Payments,Header_Row)

Sheet Pto. Obra
B2: INSTITUTO NACIONAL DE VIAS
B3: SUBDIRECCION DE LA RED NACIONAL DE CARRETERAS
B4: INVITACIÓN PÚBLICA IP-DT-CAS-001-2019
B7: OBJETO: HABILITAR Y/O BRINDAR TRANSITABILIDAD EN LA RED VIAL A CARGO DEL INVIAS, ATRAVES DEL SISTEMA MONTO AGOTABLE EN LAS VIAS A CARGO DIRECCIÓN TERRITORIAL CASANARE.
B10: PRESUPUESTO OFICIAL
B12: No | C12: ITEM DE PAGO | D12: ESPECIFICACIONES | F12: Grupo o | G12: DESCRIPCION | H12: UNID | I12: CANTIDAD | J12: VALOR UNITARIO | K12: VALOR TOTAL
D13: GENERAL | E13: PARTICULAR | F13: Indice de
F14: Ajustes
B15: I. EXPLANACIONES | K15: =SUM(K16:K18) -> 2532670
B16: =1 -> 1 | C16: 201.7 | D16: 201-13 | G16: DEMOLICIÓN DE ESTRUCTURAS | H16: m³ | I16: 14 | J16: ='201.7'!N88 -> 99175 | K16: =ROUND(I16*J16,0) -> 1388450
B17: 2 | C17: 210,1,2 | D17: 210-13 | G17: EXCAVACION SIN CLASIFICAR DE PRESTAMOS | H17: m³ | I17: 60 | J17: ='210.1.2'!N88 -> 10977 | K17: =ROUND(I17*J17,0) -> 658620
B18: =B17+1 -> 3 | C18: 211.1 | D18: 211-13 | G18: REMOCIÓN DE DERRUMBES | H18: m³ | I18: 50 | J18: ='211.1'!N88 -> 9712 | K18: =ROUND(I18*J18,0) -> 485600
B19: II. AFIRMADOS, SUBBASES Y BASES | K19: =SUM(K20:K22) -> 6555733
B20: 4 | C20: 311.1 | D20: 311-13 | G20: AFIRMADO | H20: m³ | I20: 6 | J20: ='311.1'!N87 -> 199136 | K20: =ROUND(I20*J20,0) -> 1194816
B21: =B20+1 -> 5 | C21: 320.1 | D21: 320-13 | G21: SUBBASE GRANULAR CLASE A | H21: m³ | I21: 26 | J21: ='320.1'!N88 -> 164887 | K21: =ROUND(I21*J21,0) -> 4287062
B22: =+B21+1 -> 6 | C22: 330.1 | D22: 330-13 | G22: BASE GRANULAR CLASE A | H22: m³ | I22: 5 | J22: ='330.1'!N88 -> 214771 | K22: =ROUND(I22*J22,0) -> 1073855
B23: III. PAVIMENTOS ASFÁLTICOS | K23: =SUM(K24:K24) -> 0
K24: =ROUND(I24*J24,0) -> 0
B25: IV. ESTRUCTURAS Y DRENAJES | K25: =SUM(K26:K35) -> 29915587
B26: 7 | C26: 600,1,1 | D26: 601-13 | G26: EXCAVACIÓN A MÁQUINA PARA OBRAS HIDRAULICAS | H26: m³ | I26: 22 | J26: ='600.1.1P'!N85 -> 20200 | K26: =ROUND(I26*J26,0) -> 444400
B27: =B26+1 -> 8 | C27: 610.1 | D27: 610-13 | G27: RELLENOS PARA ESTRUCTURAS CON SUELOS | H27: m³ | I27: 10 | J27: ='610.1'!N89 -> 61266 | K27: =ROUND(I27*J27,0) -> 612660
B28: =+B27+1 -> 9 | C28: 610.2 | D28: 610-13 | G28: RELLENOS PARA ESTRUCTURAS CON RECEBO | H28: m³ | I28: 12 | J28: ='610.2'!N89 -> 59624 | K28: =ROUND(I28*J28,0) -> 715488
B29: =B28+1 -> 10 | C29: 630.4 | D29: 630-13 | G29: CONCRETO CLASE 21 MPA | H29: m³ | I29: =3*2 -> 6 | J29: ='630.4'!N89 -> 677102 | K29: =ROUND(I29*J29,0) -> 4062612
B30: =B29+1 -> 11 | C30: 630.6 | D30: 630-13 | G30: CONCRETO CLASE 14 MPA | H30: m³ | I30: =2*2.5*2*0.1 -> 1 | J30: ='630.6'!N93 -> 428095 | K30: =ROUND(I30*J30,0) -> 428095
B31: =B30+1 -> 12 | C31: 630.7 | D31: 630-13 | G31: Concreto Resistencia 14MPa (G) (Ciclopeo) | H31: m³ | I31: 2 | J31: =+'630,7'!N93 -> 299545 | K31: =ROUND(I31*J31,0) -> 599090
B32: =B31+1 -> 13 | C32: 640.1 | D32: 640-13 | G32: Acero de Refuerzo Fy 4200 MPa. | H32: Kg | I32: 212 | J32: ='640.1'!N90 -> 6218 | K32: =ROUND(I32*J32,0) -> 1318216 | M32: 108*2
B33: =B32+1 -> 14 | C33: 661.1 | D33: 661-13 | G33: TUBERÍA DE CONCRETO REFORZADO 21 MPA DE 900 MM DE DIAMETRO INTERIOR | H33: Ml | I33: 24 | J33: ='661.1'!N87 -> 477914 | K33: =ROUND(I33*J33,0) -> 11469936
B34: =B33+1 -> 15 | C34: 673.1 | D34: 673-13 | G34: Geotextil Tipo NT-2500 o similar no tejido | H34: m² | I34: 75 | J34: ='673.1.1'!N87 -> 8602 | K34: =ROUND(I34*J34,0) -> 645150
B35: =B34+1 -> 16 | C35: 681.1 | D35: 681-13 | G35: Gaviónes de Malla de Alambre de Acero Entrelazado Clase 1; recubrimiento de Zinc (galvanizado) | H35: m³ | I35: 44 | J35: ='681.1'!N89 -> 218635 | K35: =ROUND(I35*J35,0) -> 9619940
B36: V. SEÑALIZACIÓN Y SEGURIDAD | K36: =SUM(K37:K37) -> 0
K37: =ROUND(I37*J37,0) -> 0
B38: VI. OBRAS VARIAS | K38: =SUM(K39:K39) -> 10490947
B39: 17 | C39: 630.6P | G39: =+'630,6P'!C31 -> SUMINISTRO E INSTALACION DE BOLSACRETO | H39: m³ | I39: 20 | J39: =+'630,6P'!N94 -> 524547.36 | K39: =ROUND(I39*J39,0) -> 10490947
B40: VII. TRANSPORTE | K40: =SUM(K41:K41) -> 138528
B41: =B39+1 -> 18 | C41: 900.2 | D41: 900-13 | G41: Transporte de Materiales Provenientes de la Excavación de la Explanación, Canales y Préstamos para distancias mayores de mil metros (1.000 m) Medidos a partir de cien metros (100 m). | H41: m³-km | I41: =+I16+I17+I26 -> 96 | J41: ='900.2'!N88 -> 1443 | K41: =ROUND(I41*J41,0) -> 138528
J42: SUB TOTAL OBRAS | K42: =+K15+K19+K23+K25+K36+K38+K40 -> 49633465
F43: NO MODIFICAR | G43: PROVISION PARA JORNADAS DE TRABAJO 7 X 24 | K43: 0
F44: NO MODIFICAR | G44: PROVISION PARA AJUSTES OBRAS COMPLEMENTARIAS Y/O ADICIONALES, (INCLUYE OBRAS AMBIENTALES DELPAGA) | K44: 0
J45: SUBTOTAL COSTOS BÁSICOS OBRA = A | K45: =ROUND(SUM(K42:K44),0) -> 49633465
J46: IVA = ((A) * 19% * (C)) / ((1+(B)) = (D) | K46: =ROUND(K45*0.19*$K$58/(1+$K$59),0) -> 362706
J47: VALOR TOTAL OBRA (E) = (A) + (D) | K47: =ROUND(K45+K46,0) -> 49996171
F48: NO MODIFICAR | G48: ADQUISICION DE PREDIOS (INCLUIDO IVA) | K48: 0
F49: NO MODIFICAR | G49: VALOR TOTAL ADQUISICION PREDIOS (INCLUIDO IVA) | K49: =+K48 -> 0
B50: 35 | C50: 2P | F50: NO MODIFICAR | G50: ACTUALIZACION Y/O ELABORACIÓN DE CALCULOS ESTRUCTURALES PARA EL MEJORAMIENTO Y MANTENIMIENTO DE LA CARRETERA (gl) | K50: 0
J51: IVA ESTUDIOS Y DISEÑOS | K51: =ROUND(K50*0.19,0) -> 0
J52: TOTAL ESTUDIOS Y DISEÑOS | K52: =SUM(K50:K51) -> 0
J53: VALOR TOTAL DEL CONTRATO | K53: =ROUND(K52+K49+K47,0) -> 49996171 | M53: =50000000-K53 -> 3829
B54: VALOR TOTAL EN LETRAS:
H55: DESCRIPCION | K55: PORCENTAJE
H56: ADMINISTRACION | J56: A= | K56: 0.2
H57: IMPREVISTOS | J57: I= | K57: 0.05
H58: UTILIDAD | J58: U= | K58: 0.05
H59: TOTAL A.I.U | J59: A.I.U.= | K59: =SUM(K56:K58) -> 0.3
K61: KILÓMETROS
I62: PAVIMENTO | K62: 0.68
I63: MANTENIMIENTO | K63: 25

Sheet Propuesta.
B2: INSTITUTO NACIONAL DE VIAS
B3: SUBDIRECCION DE LA RED NACIONAL DE CARRETERAS
B4: INVITACIÓN PÚBLICA IP-DT-CAS-001-2019
B7: OBJETO: HABILITAR Y/O BRINDAR TRANSITABILIDAD EN LA RED VIAL A CARGO DEL INVIAS, ATRAVES DEL SISTEMA MONTO AGOTABLE EN LAS VIAS A CARGO DIRECCIÓN TERRITORIAL CASANARE.
B10: PRESUPUESTO OFICIAL
B12: No | C12: ITEM DE PAGO | D12: ESPECIFICACIONES | F12: Grupo o | G12: DESCRIPCION | H12: UNID | I12: CANTIDAD | J12: VALOR UNITARIO | K12: VALOR TOTAL
D13: GENERAL | E13: PARTICULAR | F13: Indice de
F14: Ajustes
B15: I. EXPLANACIONES | K15: =SUM(K16:K18) -> 0
B16: =1 -> 1 | C16: 201.7 | D16: 201-13 | G16: DEMOLICIÓN DE ESTRUCTURAS | H16: m³ | I16: 14 | K16: =ROUND(I16*J16,0) -> 0
B17: 2 | C17: 210,1,2 | D17: 210-13 | G17: EXCAVACION SIN CLASIFICAR DE PRESTAMOS | H17: m³ | I17: 60 | K17: =ROUND(I17*J17,0) -> 0
B18: =B17+1 -> 3 | C18: 211.1 | D18: 211-13 | G18: REMOCIÓN DE DERRUMBES | H18: m³ | I18: 50 | K18: =ROUND(I18*J18,0) -> 0
B19: II. AFIRMADOS, SUBBASES Y BASES | K19: =SUM(K20:K22) -> 0
B20: 4 | C20: 311.1 | D20: 311-13 | G20: AFIRMADO | H20: m³ | I20: 6 | K20: =ROUND(I20*J20,0) -> 0
B21: =B20+1 -> 5 | C21: 320.1 | D21: 320-13 | G21: SUBBASE GRANULAR CLASE A | H21: m³ | I21: 26 | K21: =ROUND(I21*J21,0) -> 0
B22: =+B21+1 -> 6 | C22: 330.1 | D22: 330-13 | G22: BASE GRANULAR CLASE A | H22: m³ | I22: 5 | K22: =ROUND(I22*J22,0) -> 0
B23: III. PAVIMENTOS ASFÁLTICOS | K23: =SUM(K24:K24) -> 0
K24: =ROUND(I24*J24,0) -> 0
B25: IV. ESTRUCTURAS Y DRENAJES | K25: =SUM(K26:K35) -> 0
B26: 7 | C26: 600,1,1 | D26: 601-13 | G26: EXCAVACIÓN A MÁQUINA PARA OBRAS HIDRAULICAS | H26: m³ | I26: 22 | K26: =ROUND(I26*J26,0) -> 0
B27: =B26+1 -> 8 | C27: 610.1 | D27: 610-13 | G27: RELLENOS PARA ESTRUCTURAS CON SUELOS | H27: m³ | I27: 10 | K27: =ROUND(I27*J27,0) -> 0
B28: =+B27+1 -> 9 | C28: 610.2 | D28: 610-13 | G28: RELLENOS PARA ESTRUCTURAS CON RECEBO | H28: m³ | I28: 12 | K28: =ROUND(I28*J28,0) -> 0
B29: =B28+1 -> 10 | C29: 630.4 | D29: 630-13 | G29: CONCRETO CLASE 21 MPA | H29: m³ | I29: =3*2 -> 6 | K29: =ROUND(I29*J29,0) -> 0
B30: =B29+1 -> 11 | C30: 630.6 | D30: 630-13 | G30: CONCRETO CLASE 14 MPA | H30: m³ | I30: =2*2.5*2*0.1 -> 1 | K30: =ROUND(I30*J30,0) -> 0
B31: =B30+1 -> 12 | C31: 630.7 | D31: 630-13 | G31: Concreto Resistencia 14MPa (G) (Ciclopeo) | H31: m³ | I31: 2 | K31: =ROUND(I31*J31,0) -> 0
B32: =B31+1 -> 13 | C32: 640.1 | D32: 640-13 | G32: Acero de Refuerzo Fy 4200 MPa. | H32: Kg | I32: 212 | K32: =ROUND(I32*J32,0) -> 0
B33: =B32+1 -> 14 | C33: 661.1 | D33: 661-13 | G33: TUBERÍA DE CONCRETO REFORZADO 21 MPA DE 900 MM DE DIAMETRO INTERIOR | H33: Ml | I33: 24 | K33: =ROUND(I33*J33,0) -> 0
B34: =B33+1 -> 15 | C34: 673.1 | D34: 673-13 | G34: Geotextil Tipo NT-2500 o similar no tejido | H34: m² | I34: 75 | K34: =ROUND(I34*J34,0) -> 0
B35: =B34+1 -> 16 | C35: 681.1 | D35: 681-13 | G35: Gaviónes de Malla de Alambre de Acero Entrelazado Clase 1; recubrimiento de Zinc (galvanizado) | H35: m³ | I35: 44 | K35: =ROUND(I35*J35,0) -> 0
B36: V. SEÑALIZACIÓN Y SEGURIDAD | K36: =SUM(K37:K37) -> 0
K37: =ROUND(I37*J37,0) -> 0
B38: VI. OBRAS VARIAS | K38: =SUM(K39:K39) -> 0
B39: 17 | C39: 630.6P | G39: =+'630,6P'!C31 -> SUMINISTRO E INSTALACION DE BOLSACRETO | H39: m³ | I39: 20 | K39: =ROUND(I39*J39,0) -> 0
B40: VII. TRANSPORTE | K40: =SUM(K41:K41) -> 0
B41: =B39+1 -> 18 | C41: 900.2 | D41: 900-13 | G41: Transporte de Materiales Provenientes de la Excavación de la Explanación, Canales y Préstamos para distancias mayores de mil metros (1.000 m) Medidos a partir de cien metros (100 m). | H41: m³-km | I41: =+I16+I17+I26 -> 96 | K41: =ROUND(I41*J41,0) -> 0
J42: SUB TOTAL OBRAS | K42: =+K15+K19+K23+K25+K36+K38+K40 -> 0
F43: NO MODIFICAR | G43: PROVISION PARA JORNADAS DE TRABAJO 7 X 24 | K43: 0
F44: NO MODIFICAR | G44: PROVISION PARA AJUSTES OBRAS COMPLEMENTARIAS Y/O ADICIONALES, (INCLUYE OBRAS AMBIENTALES DELPAGA) | K44: 0
J45: SUBTOTAL COSTOS BÁSICOS OBRA = A | K45: =ROUND(SUM(K42:K44),0) -> 0
J46: IVA = ((A) * 19% * (C)) / ((1+(B)) = (D) | K46: =ROUND(K45*0.19*$K$58/(1+$K$59),0) -> 0
J47: VALOR TOTAL OBRA (E) = (A) + (D) | K47: =ROUND(K45+K46,0) -> 0
F48: NO MODIFICAR | G48: ADQUISICION DE PREDIOS (INCLUIDO IVA) | K48: 0
F49: NO MODIFICAR | G49: VALOR TOTAL ADQUISICION PREDIOS (INCLUIDO IVA) | K49: =+K48 -> 0
B50: 35 | C50: 2P | F50: NO MODIFICAR | G50: ACTUALIZACION Y/O ELABORACIÓN DE CALCULOS ESTRUCTURALES PARA EL MEJORAMIENTO Y MANTENIMIENTO DE LA CARRETERA (gl) | K50: 0
J51: IVA ESTUDIOS Y DISEÑOS | K51: =ROUND(K50*0.19,0) -> 0
J52: TOTAL ESTUDIOS Y DISEÑOS | K52: =SUM(K50:K51) -> 0
J53: VALOR TOTAL DEL CONTRATO | K53: =ROUND(K52+K49+K47,0) -> 0 | M53: =50000000-K53 -> 50000000
B54: VALOR TOTAL EN LETRAS:
H55: DESCRIPCION | K55: PORCENTAJE
H56: ADMINISTRACION | J56: A= | K56: 0.2
H57: IMPREVISTOS | J57: I= | K57: 0.05
H58: UTILIDAD | J58: U= | K58: 0.05
H59: TOTAL A.I.U | J59: A.I.U.= | K59: =SUM(K56:K58) -> 0.3
K61: KILÓMETROS
I62: PAVIMENTO | K62: 0.68
I63: MANTENIMIENTO | K63: 25

Sheet 201.7
K1: CÓDIGO | L1: MINFRA-MN-IN-10-FR-1
C2: INSTITUTO NACIONAL DE VIAS
C3: PROCESO GESTIÓN DE LA INFRAESTRUCTURA VIAL | K3: VERSIÓN | L3: 1
C4: MANUAL DE INTERVENTORÍA OBRA PÚBLICA
C5: ANÁLISIS DE PRECIOS UNITARIOS | K5: PÁGINA | M5: DE
K8: FECHA
L9: (Día) | M9: (Mes) | N9: (Año)
B10: ITEMS DE LA PROPUESTA ECONÓMICA | F10: □ | I10: ITEMS NO PREVISTOS | K10: □
B11: UNIDAD EJECUTORA: | D11: SUBDIRECCION RED NACIONAL DE CARRETERAS | J11: DIRECCIÓN TERRITORIAL: | K11: CASANARE
B14: CONTRATO No. | D14: DE
B15: OBJETO DEL CONTRATO:
B18: CARRETERA: | J18: SECTOR:
B20: CONTRATISTA:
B22: INTERVENTOR: | K22: CTO No.: | M22: DE
B24: FECHA CIERRE PROCESO DE SELECCIÓN CONTRATO DE OBRA:
F25: (Día) | I25: (Mes) | J25: (Año)
B27: DATOS ESPECÍFICOS
B29: ITEM | C29: DESCRIPCIÓN | K29: GRUPO DE AJUSTE | L29: UNIDAD | N29: CANTIDAD
B30: ITEM | C30: DESCRIPCIÓN | L30: UNIDAD | N30: CANTIDAD
A31: Unidad | B31: 201.7 | C31: DEMOLICIÓN DE ESTRUCTURAS | K31: 6 | L31: m3 | N31: =#REF! -> #REF!
B33: I. EQUIPO
B35: DESCRIPCIÓN | I35: TIPO | K35: TARIFA/HORA | L35: RENDIMIENTO | N35: Vr. UNITARIO
A36: C0010790 | B36: Retroexcavadora sobre oruga, potencia 138 HP, balde de 1,5 m3. | K36: 181507 | M36: 4.5339205 | N36: =K36/M36 -> 40033.124
A37: C0010270 | B37: Compresor 120 HP, con martillo. | K37: 94846 | M37: =+M36 -> 4.5339205 | N37: =K37/M37 -> 20919.202
A38: C0010330 | B38: =VLOOKUP(A38,[29]EQUIPOS!A8:D154,3,FALSE) -> Equipo de oxicorte, Capacidad de corte: hasta 6´´ (152mm) | K38: 16539 | M38: 4.5 | N38: =K38/M38 -> 3675.3333
B42: HERRAMIENTA MENOR (%) | L42: 0.02 | N42: =N76*L42 -> 197.95
B43: SUBTOTAL $ | N43: =SUM(N36:N42) -> 64825.609
B45: II. MATERIALES
B47: DESCRIPCIÓN | J47: UNIDAD | K47: CANTIDAD | L47: PRECIO UNIT. | N47: Vr. UNITARIO
B54: SUBTOTAL $
B56: III. TRANSPORTES
B58: MATERIAL | H58: UNIDAD | I58: CANTIDAD (1) | J58: DISTANCIA (2) | K58: (1) * (2) | L58: TARIFA | N58: Vr. UNITARIO
A59: T0010032 | B59: Transporte de material de demolición | H59: m3k | I59: 1.4 | J59: 1 | K59: =I59*J59 -> 1.4 | L59: 1118 | N59: =K59*L59 -> 1565.2
B65: SUBTOTAL $ | N65: =N59+N60+N61+N62+N63 -> 1565.2
B67: IV. MANO DE OBRA
B69: TRABAJADOR | I69: JORNAL | J69: PRESTACIONES (%) | K69: JORNAL TOTAL | L69: RENDIMIENTO | N69: Vr. UNITARIO
A70: A0030020 | B70: Obrero (2) | I70: =28000*2 -> 56000 | J70: 185 | K70: =I70*J70/100 -> 103600 | M70: 20 | N70: =K70/M70 -> 5180
A71: A0040010 | B71: Oficial | I71: 51000 | J71: 185 | K71: =I71*J71/100 -> 94350 | M71: 20 | N71: =K71/M71 -> 4717.5
B76: SUBTOTAL $ | N76: =SUM(N70:N75) -> 9897.5
B78: TOTAL COSTO DIRECTO $ | N78: =N43+N54+N65+N76 -> 76288.309
B80: V. COSTOS INDIRECTOS
B82: Descripción | K82: Porcentaje | L82: Valor Total
B83: ADMINISTRACION | K83: 0.2 | L83: =N78*K83 -> 15257.662
B84: IMPREVISTOS | K84: 0.05 | L84: =N78*K84 -> 3814.4155
B85: UTILIDAD | K85: 0.05 | L85: =N78*K85 -> 3814.4155
B86: SUBTOTAL $ | N86: =L83+L84+L85 -> 22886.493
A88: PFinal01 | B88: Precio Unitario Total Aproximado al Peso $ | N88: =ROUND(N78+N86,0) -> 99175
E93: Firma
E94: Nombre:
E95: Representante Legal del Contratista o su Apoderado
E96: Matricula No. :
B98: OBSERVACIONES INTERVENTORÍA:
B104: APROBACIÓN POR INTERVENTORÍA
B105: Nota 1: Cuando se trate de Análisis de precios unitarios correspondientes a ítems de la propuesta económica aprobada, el Interventor aprueba el desglose de los componentes manteniendo el mismo precio unitario de cada ítem, cumpliendo con las especificaciones de construcción vigentes para el proyecto.
B107: Nota 2: Cuando se trate de Análisis de precios unitarios de ítems no previstos, el Interventor aprueba el desglose y precio unitario de cada ítem no previsto, exigiendo la aplicación de los costos correspondientes a insumos y tarifas de la propuesta económica inicial cuando estén contemplados, cumpliendo con las especificaciones de construcción vigente para el proyecto.
E113: Firma
E114: Nombre:
E115: Representante Legal del Interventor o su Apoderado
E116: Matricula No. :
B118: Original: Archivo de Gestión del Contrato (Subdirección Administrativa).
B119: Copias: Unidad Ejecutora, Contratista, Interventor y Dirección Territorial.

Sheet 210.1.2
K1: CÓDIGO | L1: MINFRA-MN-IN-10-FR-1
C2: INSTITUTO NACIONAL DE VIAS
C3: PROCESO GESTIÓN DE LA INFRAESTRUCTURA VIAL | K3: VERSIÓN | L3: 1
C4: MANUAL DE INTERVENTORÍA OBRA PÚBLICA
C5: ANÁLISIS DE PRECIOS UNITARIOS | K5: PÁGINA | M5: DE
K8: FECHA
L9: (Día) | M9: (Mes) | N9: (Año)
B10: ITEMS DE LA PROPUESTA ECONÓMICA | F10: □ | I10: ITEMS NO PREVISTOS | K10: □
B11: UNIDAD EJECUTORA: | D11: SUBDIRECCION RED NACIONAL DE CARRETERAS | J11: DIRECCIÓN TERRITORIAL: | K11: CASANARE
B14: CONTRATO No. | D14: DE
B15: OBJETO DEL CONTRATO:
B18: CARRETERA: | J18: SECTOR:
B20: CONTRATISTA:
B22: INTERVENTOR: | K22: CTO No.: | M22: DE
B24: FECHA CIERRE PROCESO DE SELECCIÓN CONTRATO DE OBRA:
F25: (Día) | I25: (Mes) | J25: (Año)
B27: DATOS ESPECÍFICOS
B29: ITEM | C29: DESCRIPCIÓN | K29: GRUPO DE AJUSTE | L29: UNIDAD | N29: CANTIDAD
B30: ITEM | C30: DESCRIPCIÓN | L30: UNIDAD | N30: CANTIDAD
A31: Unidad | B31: 210.1.2 | C31: EXCAVACION SIN CLASIFICAR DE PRESTAMOS | K31: 1 | L31: m3 | N31: =#REF! -> #REF!
B33: I. EQUIPO
B35: DESCRIPCIÓN | I35: TIPO | K35: TARIFA/HORA | L35: RENDIMIENTO | N35: Vr. UNITARIO
A36: C0010790 | B36: Retroexcavadora sobre oruga, potencia 138 HP, balde de 1,5 m3. | K36: 181506.87 | M36: 66 | N36: =K36/M36 -> 2750.1041
A37: C0010052 | B37: Buldozer, Potencia al volante de 140 HP, motor de 2200 RPM, longitud de hoja 4,80m. | K37: 161639.27 | M37: 100 | N37: =K37/M37 -> 1616.3927
B42: HERRAMIENTA MENOR (%) | L42: 0.01 | N42: =N76*L42 -> 0.98106061
B43: SUBTOTAL $ | N43: =SUM(N36:N42) -> 4367.4778
B45: II. MATERIALES
B47: DESCRIPCIÓN | J47: UNIDAD | K47: CANTIDAD | L47: PRECIO UNIT. | N47: Vr. UNITARIO
A48: B0013790 | B48: Derechos de explotación y/o disposición de materiales | J48: m3 | K48: 1 | M48: 3978.4033 | N48: =K48*M48 -> 3978.4033
B54: SUBTOTAL $ | N54: =SUM(N48:N53) -> 3978.4033
B56: III. TRANSPORTES
B58: MATERIAL | H58: UNIDAD | I58: CANTIDAD (1) | J58: DISTANCIA (2) | K58: (1) * (2) | L58: TARIFA | N58: Vr. UNITARIO
B65: SUBTOTAL $
B67: IV. MANO DE OBRA
B69: TRABAJADOR | I69: JORNAL | J69: PRESTACIONES (%) | K69: JORNAL TOTAL | L69: RENDIMIENTO | N69: Vr. UNITARIO
A70: A0030010 | B70: Obrero | I70: 28000 | J70: 185 | K70: =I70*J70/100 -> 51800 | M70: 528 | N70: =K70/M70 -> 98.106061
B76: SUBTOTAL $ | N76: =SUM(N70:N75) -> 98.106061
B78: TOTAL COSTO DIRECTO $ | N78: =N43+N54+N65+N76 -> 8443.9871
B80: V. COSTOS INDIRECTOS
B82: Descripción | K82: Porcentaje | L82: Valor Total
B83: ADMINISTRACION | K83: 0.2 | L83: =N78*K83 -> 1688.7974
B84: IMPREVISTOS | K84: 0.05 | L84: =N78*K84 -> 422.19936
B85: UTILIDAD | K85: 0.05 | L85: =N78*K85 -> 422.19936
B86: SUBTOTAL $ | N86: =L83+L84+L85 -> 2533.1961
A88: PFinal01 | B88: Precio Unitario Total Aproximado al Peso $ | N88: =ROUND(N78+N86,0) -> 10977
E93: Firma
E94: Nombre:
E95: Representante Legal del Contratista o su Apoderado
E96: Matricula No. :
B98: OBSERVACIONES INTERVENTORÍA:
B104: APROBACIÓN POR INTERVENTORÍA
B105: Nota 1: Cuando se trate de Análisis de precios unitarios correspondientes a ítems de la propuesta económica aprobada, el Interventor aprueba el desglose de los componentes manteniendo el mismo precio unitario de cada ítem, cumpliendo con las especificaciones de construcción vigentes para el proyecto.
B107: Nota 2: Cuando se trate de Análisis de precios unitarios de ítems no previstos, el Interventor aprueba el desglose y precio unitario de cada ítem no previsto, exigiendo la aplicación de los costos correspondientes a insumos y tarifas de la propuesta económica inicial cuando estén contemplados, cumpliendo con las especificaciones de construcción vigente para el proyecto.
E113: Firma
E114: Nombre:
E115: Representante Legal del Interventor o su Apoderado
E116: Matricula No. :
B118: Original: Archivo de Gestión del Contrato (Subdirección Administrativa).
B119: Copias: Unidad Ejecutora, Contratista, Interventor y Dirección Territorial.

Sheet 211.1
K1: CÓDIGO | L1: MINFRA-MN-IN-10-FR-1
C2: INSTITUTO NACIONAL DE VIAS
C3: PROCESO GESTIÓN DE LA INFRAESTRUCTURA VIAL | K3: VERSIÓN | L3: 1
C4: MANUAL DE INTERVENTORÍA OBRA PÚBLICA
C5: ANÁLISIS DE PRECIOS UNITARIOS | K5: PÁGINA | M5: DE
K8: FECHA
L9: (Día) | M9: (Mes) | N9: (Año)
B10: ITEMS DE LA PROPUESTA ECONÓMICA | F10: □ | I10: ITEMS NO PREVISTOS | K10: □
B11: UNIDAD EJECUTORA: | D11: SUBDIRECCION RED NACIONAL DE CARRETERAS | J11: DIRECCIÓN TERRITORIAL: | K11: CASANARE
B14: CONTRATO No. | D14: DE
B15: OBJETO DEL CONTRATO:
B18: CARRETERA: | J18: SECTOR:
B20: CONTRATISTA:
B22: INTERVENTOR: | K22: CTO No.: | M22: DE
B24: FECHA CIERRE PROCESO DE SELECCIÓN CONTRATO DE OBRA:
F25: (Día) | I25: (Mes) | J25: (Año)
B27: DATOS ESPECÍFICOS
B29: ITEM | C29: DESCRIPCIÓN | K29: GRUPO DE AJUSTE | L29: UNIDAD | N29: CANTIDAD
B30: ITEM | C30: DESCRIPCIÓN | L30: UNIDAD | N30: CANTIDAD
A31: Unidad | B31: 211.1 | C31: REMOCIÓN DE DERRUMBES | K31: 1 | L31: m3 | N31: =#REF! -> #REF!
B33: I. EQUIPO
B35: DESCRIPCIÓN | I35: TIPO | K35: TARIFA/HORA | L35: RENDIMIENTO | N35: Vr. UNITARIO
A36: C0010130 | B36: Cargador : Potencia en el volante 110 hp, Clasificación de RPM del motor 2300. | K36: 146822.49 | M36: 66 | N36: =K36/M36 -> 2224.5831
A37: C0010052 | B37: Buldozer, Potencia al volante de 140 HP, motor de 2200 RPM, longitud de hoja 4,80m. | K37: 161639.27 | M37: 100 | N37: =K37/M37 -> 1616.3927
B42: HERRAMIENTA MENOR (%) | L42: 0.01 | N42: =N76*L42 -> 1.9621212
B43: SUBTOTAL $ | N43: =SUM(N36:N42) -> 3842.9379
B45: II. MATERIALES
B47: DESCRIPCIÓN | J47: UNIDAD | K47: CANTIDAD | L47: PRECIO UNIT. | N47: Vr. UNITARIO
A48: B0013820 | B48: Disposición de material de derrumbe | J48: m3 | K48: 1 | M48: 3431.3616 | N48: =K48*M48 -> 3431.3616
B54: SUBTOTAL $ | N54: =SUM(N48:N53) -> 3431.3616
B56: III. TRANSPORTES
B58: MATERIAL | H58: UNIDAD | I58: CANTIDAD (1) | J58: DISTANCIA (2) | K58: (1) * (2) | L58: TARIFA | N58: Vr. UNITARIO
B65: SUBTOTAL $
B67: IV. MANO DE OBRA
B69: TRABAJADOR | I69: JORNAL | J69: PRESTACIONES (%) | K69: JORNAL TOTAL | L69: RENDIMIENTO | N69: Vr. UNITARIO
A70: A0030020 | B70: Obrero (2) | I70: =28000*2 -> 56000 | J70: 185 | K70: =J70/100*I70 -> 103600 | M70: 528 | N70: =K70/M70 -> 196.21212
B76: SUBTOTAL $ | N76: =SUM(N70:N75) -> 196.21212
B78: TOTAL COSTO DIRECTO $ | N78: =N43+N54+N65+N76 -> 7470.5116
B80: V. COSTOS INDIRECTOS
B82: Descripción | K82: Porcentaje | L82: Valor Total
B83: ADMINISTRACION | K83: 0.2 | L83: =N78*K83 -> 1494.1023
B84: IMPREVISTOS | K84: 0.05 | L84: =N78*K84 -> 373.52558
B85: UTILIDAD | K85: 0.05 | L85: =N78*K85 -> 373.52558
B86: SUBTOTAL $ | N86: =L83+L84+L85 -> 2241.1535
A88: PFinal01 | B88: Precio Unitario Total Aproximado al Peso $ | N88: =ROUND(N78+N86,0) -> 9712
E93: Firma
E94: Nombre:
E95: Representante Legal del Contratista o su Apoderado
E96: Matricula No. :
B98: OBSERVACIONES INTERVENTORÍA:
B104: APROBACIÓN POR INTERVENTORÍA
B105: Nota 1: Cuando se trate de Análisis de precios unitarios correspondientes a ítems de la propuesta económica aprobada, el Interventor aprueba el desglose de los componentes manteniendo el mismo precio unitario de cada ítem, cumpliendo con las especificaciones de construcción vigentes para el proyecto.
B107: Nota 2: Cuando se trate de Análisis de precios unitarios de ítems no previstos, el Interventor aprueba el desglose y precio unitario de cada ítem no previsto, exigiendo la aplicación de los costos correspondientes a insumos y tarifas de la propuesta económica inicial cuando estén contemplados, cumpliendo con las especificaciones de construcción vigente para el proyecto.
E113: Firma
E114: Nombre:
E115: Representante Legal del Interventor o su Apoderado
E116: Matricula No. :
B118: Original: Archivo de Gestión del Contrato (Subdirección Administrativa).
B119: Copias: Unidad Ejecutora, Contratista, Interventor y Dirección Territorial.

Sheet 225P
K2: CÓDIGO | L2: MINFRA-MN-IN-10-FR-1
C3: INSTITUTO NACIONAL DE VIAS
C4: PROCESO GESTIÓN DE LA INFRAESTRUCTURA VIAL | K4: VERSIÓN | L4: 1
C5: MANUAL DE INTERVENTORÍA OBRA PÚBLICA
C6: ANÁLISIS DE PRECIOS UNITARIOS | K6: PÁGINA | M6: DE
K9: FECHA
L10: (Día) | M10: (Mes) | N10: (Año)
B11: ITEMS DE LA PROPUESTA ECONÓMICA | F11: □ | I11: ITEMS NO PREVISTOS | K11: □
B12: UNIDAD EJECUTORA: | D12: SUBDIRECCION RED NACIONAL DE CARRETERAS | J12: DIRECCIÓN TERRITORIAL: | K12: CASANARE
B15: CONTRATO No. | D15: DE
B16: OBJETO DEL CONTRATO:
B19: CARRETERA: | J19: SECTOR:
B21: CONTRATISTA:
B23: INTERVENTOR: | K23: CTO No.: | M23: DE
B25: FECHA CIERRE PROCESO DE SELECCIÓN CONTRATO DE OBRA:
F26: (Día) | I26: (Mes) | J26: (Año)
B28: DATOS ESPECÍFICOS
B30: ITEM | C30: DESCRIPCIÓN | K30: GRUPO DE AJUSTE | L30: UNIDAD | N30: CANTIDAD
B31: ITEM | C31: DESCRIPCIÓN | L31: UNIDAD | N31: CANTIDAD
B32: 225P | C32: CONFORMACION DE SITIOS DE DISPOSICIÓN DE SOBRANTES, Y ESCOMBRERAS | K32: 1 | L32: m3 | N32: =#REF! -> #REF!
B34: I. EQUIPO
B36: DESCRIPCIÓN | I36: TIPO | K36: TARIFA/HORA | L36: RENDIMIENTO | N36: Vr. UNITARIO
B38: Buldozer, Potencia al volante de 140 HP, motor de 2200 RPM, longitud de hoja 4,80m. | K38: 161639.27 | M38: 100 | N38: =K38/M38 -> 1616.3927
B43: HERRAMIENTA MENOR (%) | L43: 0.02 | N43: =N77*L43 -> 1.7266667
B44: SUBTOTAL $ | N44: =SUM(N37:N43) -> 1618.1193
B46: II. MATERIALES
B48: DESCRIPCIÓN | J48: UNIDAD | K48: CANTIDAD | L48: PRECIO UNIT. | N48: Vr. UNITARIO
B55: SUBTOTAL $
B57: III. TRANSPORTES
B59: MATERIAL | H59: UNIDAD | I59: CANTIDAD (1) | J59: DISTANCIA (2) | K59: (1) * (2) | L59: TARIFA | N59: Vr. UNITARIO
B60: #N/A | K60: =I60*J60 -> 0 | N60: =K60*L60 -> 0
B66: SUBTOTAL $ | N66: =N60+N61+N62+N63+N64 -> 0
B68: IV. MANO DE OBRA
B70: TRABAJADOR | I70: JORNAL | J70: PRESTACIONES (%) | K70: JORNAL TOTAL | L70: RENDIMIENTO | N70: Vr. UNITARIO
B71: Obrero | I71: =28000 -> 28000 | J71: 185 | K71: =J71/100*I71 -> 51800 | M71: 600 | N71: =K71/M71 -> 86.333333
B72: #N/A
B77: SUBTOTAL $ | N77: =SUM(N71:N76) -> 86.333333
B79: TOTAL COSTO DIRECTO $ | N79: =N44+N55+N66+N77 -> 1704.4527
B81: V. COSTOS INDIRECTOS
B83: Descripción | K83: Porcentaje | L83: Valor Total
B84: ADMINISTRACION | K84: 0.2 | L84: =N79*K84 -> 340.89053
B85: IMPREVISTOS | K85: 0.05 | L85: =N79*K85 -> 85.222633
B86: UTILIDAD | K86: 0.05 | L86: =N79*K86 -> 85.222633
B87: SUBTOTAL $ | N87: =L84+L85+L86 -> 511.3358
B89: Precio Unitario Total Aproximado al Peso $ | N89: =ROUND(N79+N87,0) -> 2216
E94: Firma
E95: Nombre:
E96: Representante Legal del Contratista o su Apoderado
E97: Matricula No. :
B99: OBSERVACIONES INTERVENTORÍA:
B105: APROBACIÓN POR INTERVENTORÍA
B106: Nota 1: Cuando se trate de Análisis de precios unitarios correspondientes a ítems de la propuesta económica aprobada, el Interventor aprueba el desglose de los componentes manteniendo el mismo precio unitario de cada ítem, cumpliendo con las especificaciones de construcción vigentes para el proyecto.
B108: Nota 2: Cuando se trate de Análisis de precios unitarios de ítems no previstos, el Interventor aprueba el desglose y precio unitario de cada ítem no previsto, exigiendo la aplicación de los costos correspondientes a insumos y tarifas de la propuesta económica inicial cuando estén contemplados, cumpliendo con las especificaciones de construcción vigente para el proyecto.
E114: Firma
E115: Nombre:
E116: Representante Legal del Interventor o su Apoderado
E117: Matricula No. :
B119: Original: Archivo de Gestión del Contrato (Subdirección Administrativa).
B120: Copias: Unidad Ejecutora, Contratista, Interventor y Dirección Territorial.

Sheet 311.1
K1: CÓDIGO | L1: MINFRA-MN-IN-10-FR-1
C2: INSTITUTO NACIONAL DE VIAS
C3: PROCESO GESTIÓN DE LA INFRAESTRUCTURA VIAL | K3: VERSIÓN | L3: 1
C4: MANUAL DE INTERVENTORÍA OBRA PÚBLICA
C5: ANÁLISIS DE PRECIOS UNITARIOS | K5: PÁGINA | M5: DE
K8: FECHA
L9: (Día) | M9: (Mes) | N9: (Año)
B10: ITEMS DE LA PROPUESTA ECONÓMICA | F10: □ | I10: ITEMS NO PREVISTOS | K10: □
B11: UNIDAD EJECUTORA: | D11: SUBDIRECCION RED NACIONAL DE CARRETERAS | J11: DIRECCIÓN TERRITORIAL: | K11: CASANARE
B14: CONTRATO No. | D14: DE
B15: OBJETO DEL CONTRATO:
B18: CARRETERA: | J18: SECTOR:
B20: CONTRATISTA:
B22: INTERVENTOR: | K22: CTO No.: | M22: DE
B24: FECHA CIERRE PROCESO DE SELECCIÓN CONTRATO DE OBRA:
F25: (Día) | I25: (Mes) | J25: (Año)
B27: DATOS ESPECÍFICOS
B29: ITEM | C29: DESCRIPCIÓN | K29: GRUPO DE AJUSTE | L29: UNIDAD | N29: CANTIDAD
B30: ITEM | C30: DESCRIPCIÓN | L30: UNIDAD | N30: CANTIDAD
A31: Unidad | B31: 311.1 | C31: AFIRMADO | K31: 2 | L31: m3 | N31: =#REF! -> #REF!
B33: I. EQUIPO
B35: DESCRIPCIÓN | I35: TIPO | K35: TARIFA/HORA | L35: RENDIMIENTO | N35: Vr. UNITARIO
A36: C0010150 | B36: Carrotanque de agua(1000 Galones) | K36: 66085 | M36: 45 | N36: =K36/M36 -> 1468.5556
A37: C0010610 | B37: Motoniveladora potencia 215 HP, ancho de cuchilla 4,27 m, peso 18 ton. | K37: 176667 | M37: 45 | N37: =K37/M37 -> 3925.9333
A38: C0010923 | B38: Vibrocompatador, potencia 153 HP, peso 10 Ton. | K38: 145000 | M38: 45 | N38: =K38/M38 -> 3222.2222
B41: HERRAMIENTA MENOR (%) | M41: 0.02 | N41: =N75*M41 -> 10.997222
B43: SUBTOTAL $ | N43: =SUM(N36:N42) -> 8627.7083
B45: II. MATERIALES
B47: DESCRIPCIÓN | J47: UNIDAD | K47: CANTIDAD | L47: PRECIO UNIT. | N47: Vr. UNITARIO
A48: B0063200 | B48: Agua | J48: lt | K48: 25 | M48: 55 | N48: =K48*M48 -> 1375
A49: B0014270 | B49: Material de afirmado | J49: m3 | K49: 1.25 | M49: 29750 | N49: =K49*M49 -> 37187.5
B53: SUBTOTAL $ | N53: =SUM(N48:N52) -> 38562.5
B55: III. TRANSPORTES
B57: MATERIAL | H57: UNIDAD | I57: CANTIDAD (1) | J57: DISTANCIA (2) | K57: (1) * (2) | L57: TARIFA | N57: Vr. UNITARIO
A58: T0010089 | B58: Transporte de Material de Afirmado de la Zona | H58: m3km | I58: 1.25 | J58: 76 | K58: =I58*J58 -> 95 | L58: 1109.9091 | N58: =K58*L58 -> 105441.36
B64: SUBTOTAL $ | N64: =N58+N59+N60+N61+N62 -> 105441.36
B66: IV. MANO DE OBRA
B68: TRABAJADOR | I68: JORNAL | J68: PRESTACIONES (%) | K68: JORNAL TOTAL | L68: RENDIMIENTO | N68: Vr. UNITARIO
A69: A0040010 | B69: Oficial | I69: 51000 | J69: 185 | K69: =J69/100*I69 -> 94350 | M69: 360 | N69: =K69/M69 -> 262.08333
A70: A0030020 | B70: Obrero (2) | I70: =28000*2 -> 56000 | J70: 185 | K70: =J70/100*I70 -> 103600 | M70: 360 | N70: =K70/M70 -> 287.77778
B75: SUBTOTAL $ | N75: =SUM(N69:N74) -> 549.86111
B77: TOTAL COSTO DIRECTO $ | N77: =N43+N53+N64+N75 -> 153181.43
B79: V. COSTOS INDIRECTOS
B81: Descripción | K81: Porcentaje | L81: Valor Total
B82: ADMINISTRACION | K82: 0.2 | L82: =N77*K82 -> 30636.287
B83: IMPREVISTOS | K83: 0.05 | L83: =N77*K83 -> 7659.0717
B84: UTILIDAD | K84: 0.05 | L84: =N77*K84 -> 7659.0717
B85: SUBTOTAL $ | N85: =L82+L83+L84 -> 45954.43
A87: PFinal01 | B87: Precio Unitario Total Aproximado al Peso $ | N87: =ROUND(N77+N85,0) -> 199136
E92: Firma
E93: Nombre:
E94: Representante Legal del Contratista o su Apoderado
E95: Matricula No. :
B97: OBSERVACIONES INTERVENTORÍA:
B103: APROBACIÓN POR INTERVENTORÍA
B104: Nota 1: Cuando se trate de Análisis de precios unitarios correspondientes a ítems de la propuesta económica aprobada, el Interventor aprueba el desglose de los componentes manteniendo el mismo precio unitario de cada ítem, cumpliendo con las especificaciones de construcción vigentes para el proyecto.
B106: Nota 2: Cuando se trate de Análisis de precios unitarios de ítems no previstos, el Interventor aprueba el desglose y precio unitario de cada ítem no previsto, exigiendo la aplicación de los costos correspondientes a insumos y tarifas de la propuesta económica inicial cuando estén contemplados, cumpliendo con las especificaciones de construcción vigente para el proyecto.
E112: Firma
E113: Nombre:
E114: Representante Legal del Interventor o su Apoderado
E115: Matricula No. :
B117: Original: Archivo de Gestión del Contrato (Subdirección Administrativa).
B118: Copias: Unidad Ejecutora, Contratista, Interventor y Dirección Territorial.

Sheet 320.1
K1: CÓDIGO | L1: MINFRA-MN-IN-10-FR-1
C2: INSTITUTO NACIONAL DE VIAS
C3: PROCESO GESTIÓN DE LA INFRAESTRUCTURA VIAL | K3: VERSIÓN | L3: 1
C4: MANUAL DE INTERVENTORÍA OBRA PÚBLICA
C5: ANÁLISIS DE PRECIOS UNITARIOS | K5: PÁGINA | M5: DE
K8: FECHA
L9: (Día) | M9: (Mes) | N9: (Año)
B10: ITEMS DE LA PROPUESTA ECONÓMICA | F10: □ | I10: ITEMS NO PREVISTOS | K10: □
B11: UNIDAD EJECUTORA: | D11: SUBDIRECCION RED NACIONAL DE CARRETERAS | J11: DIRECCIÓN TERRITORIAL: | K11: CASANARE
B14: CONTRATO No. | D14: DE
B15: OBJETO DEL CONTRATO:
B18: CARRETERA: | J18: SECTOR:
B20: CONTRATISTA:
B22: INTERVENTOR: | K22: CTO No.: | M22: DE
B24: FECHA CIERRE PROCESO DE SELECCIÓN CONTRATO DE OBRA:
F25: (Día) | I25: (Mes) | J25: (Año)
B27: DATOS ESPECÍFICOS
B29: ITEM | C29: DESCRIPCIÓN | K29: GRUPO DE AJUSTE | L29: UNIDAD | N29: CANTIDAD
B30: ITEM | C30: DESCRIPCIÓN | L30: UNIDAD | N30: CANTIDAD
A31: Unidad | B31: 320.1 | C31: SUB-BASE GRANULAR CLASE A | K31: 2 | L31: m3 | N31: =+'Pto. Obra'!I21 -> 26
B33: I. EQUIPO
B35: DESCRIPCIÓN | I35: TIPO | K35: TARIFA/HORA | L35: RENDIMIENTO | N35: Vr. UNITARIO
A36: C0010150 | B36: Carrotanque de agua(1000 Galones) | K36: 66085 | M36: 45 | N36: =K36/M36 -> 1468.5556
A37: C0010610 | B37: Motoniveladora potencia 215 HP, ancho de cuchilla 4,27 m, peso 18 ton. | K37: 176667 | M37: 45 | N37: =K37/M37 -> 3925.9333
A38: C0010923 | B38: Vibrocompatador, potencia 153 HP, peso 10 Ton. | K38: 145000 | M38: 45 | N38: =K38/M38 -> 3222.2222
B41: HERRAMIENTA MENOR (%) | M41: 0.01 | N41: =N76*M41 -> 5.4986111
B43: SUBTOTAL $ | N43: =SUM(N36:N42) -> 8622.2097
B45: II. MATERIALES
B47: DESCRIPCIÓN | J47: UNIDAD | K47: CANTIDAD | L47: PRECIO UNIT. | N47: Vr. UNITARIO
A48: B0014340 | B48: Material de Sub- Base CBR=20% | J48: m3 | K48: 1.3 | M48: 34000 | N48: =K48*M48 -> 44200
A49: B0063200 | B49: Agua | J49: lt | K49: 24 | M49: 55 | N49: =K49*M49 -> 1320
B54: SUBTOTAL $ | N54: =SUM(N48:N53) -> 45520
B56: III. TRANSPORTES
B58: MATERIAL | H58: UNIDAD | I58: CANTIDAD (1) | J58: DISTANCIA (2) | K58: (1) * (2) | L58: TARIFA | N58: Vr. UNITARIO
A59: T0010030 | B59: Transporte de material de subbase | H59: m3k | I59: 1.3 | J59: 50 | K59: =I59*J59 -> 65 | L59: 1109.9091 | N59: =K59*L59 -> 72144.091
B65: SUBTOTAL $ | N65: =N59+N60+N61+N62+N63 -> 72144.091
B67: IV. MANO DE OBRA
B69: TRABAJADOR | I69: JORNAL | J69: PRESTACIONES (%) | K69: JORNAL TOTAL | L69: RENDIMIENTO | N69: Vr. UNITARIO
A70: A0040010 | B70: Oficial | I70: 51000 | J70: 185 | K70: =J70/100*I70 -> 94350 | M70: 360 | N70: =K70/M70 -> 262.08333
A71: A0030020 | B71: Obrero (2) | I71: =28000*2 -> 56000 | J71: 185 | K71: =J71/100*I71 -> 103600 | M71: 360 | N71: =K71/M71 -> 287.77778
B76: SUBTOTAL $ | N76: =SUM(N70:N75) -> 549.86111
B78: TOTAL COSTO DIRECTO $ | N78: =N43+N54+N65+N76 -> 126836.16
B80: V. COSTOS INDIRECTOS
B82: Descripción | K82: Porcentaje | L82: Valor Total
B83: ADMINISTRACION | K83: 0.2 | L83: =N78*K83 -> 25367.232
B84: IMPREVISTOS | K84: 0.05 | L84: =N78*K84 -> 6341.8081
B85: UTILIDAD | K85: 0.05 | L85: =N78*K85 -> 6341.8081
B86: SUBTOTAL $ | N86: =L83+L84+L85 -> 38050.849
A88: PFinal01 | B88: Precio Unitario Total Aproximado al Peso $ | N88: =ROUND(N78+N86,0) -> 164887
E93: Firma
E94: Nombre:
E95: Representante Legal del Contratista o su Apoderado
E96: Matricula No. :
B98: OBSERVACIONES INTERVENTORÍA:
B104: APROBACIÓN POR INTERVENTORÍA
B105: Nota 1: Cuando se trate de Análisis de precios unitarios correspondientes a ítems de la propuesta económica aprobada, el Interventor aprueba el desglose de los componentes manteniendo el mismo precio unitario de cada ítem, cumpliendo con las especificaciones de construcción vigentes para el proyecto.
B107: Nota 2: Cuando se trate de Análisis de precios unitarios de ítems no previstos, el Interventor aprueba el desglose y precio unitario de cada ítem no previsto, exigiendo la aplicación de los costos correspondientes a insumos y tarifas de la propuesta económica inicial cuando estén contemplados, cumpliendo con las especificaciones de construcción vigente para el proyecto.
E113: Firma
E114: Nombre:
E115: Representante Legal del Interventor o su Apoderado
E116: Matricula No. :
B118: Original: Archivo de Gestión del Contrato (Subdirección Administrativa).
B119: Copias: Unidad Ejecutora, Contratista, Interventor y Dirección Territorial.

Sheet 330.1
K1: CÓDIGO | L1: MINFRA-MN-IN-10-FR-1
C2: INSTITUTO NACIONAL DE VIAS
C3: PROCESO GESTIÓN DE LA INFRAESTRUCTURA VIAL | K3: VERSIÓN | L3: 1
C4: MANUAL DE INTERVENTORÍA OBRA PÚBLICA
C5: ANÁLISIS DE PRECIOS UNITARIOS | K5: PÁGINA | M5: DE
K8: FECHA
L9: (Día) | M9: (Mes) | N9: (Año)
B10: ITEMS DE LA PROPUESTA ECONÓMICA | F10: □ | I10: ITEMS NO PREVISTOS | K10: □
B11: UNIDAD EJECUTORA: | D11: SUBDIRECCION RED NACIONAL DE CARRETERAS | J11: DIRECCIÓN TERRITORIAL: | K11: CASANARE
B14: CONTRATO No. | D14: DE
B15: OBJETO DEL CONTRATO:
B18: CARRETERA: | J18: SECTOR:
B20: CONTRATISTA:
B22: INTERVENTOR: | K22: CTO No.: | M22: DE
B24: FECHA CIERRE PROCESO DE SELECCIÓN CONTRATO DE OBRA:
F25: (Día) | I25: (Mes) | J25: (Año)
B27: DATOS ESPECÍFICOS
B29: ITEM | C29: DESCRIPCIÓN | K29: GRUPO DE AJUSTE | L29: UNIDAD | N29: CANTIDAD
B30: ITEM | C30: DESCRIPCIÓN | L30: UNIDAD | N30: CANTIDAD
A31: Unidad | B31: 330.1 | C31: BASE GRANULAR CLASE A | L31: m3 | N31: =+'Pto. Obra'!I22 -> 5
B33: I. EQUIPO
B35: DESCRIPCIÓN | I35: TIPO | K35: TARIFA/HORA | L35: RENDIMIENTO | N35: Vr. UNITARIO
A36: C0010150 | B36: Carrotanque de agua(1000 Galones) | K36: 66085 | M36: 45 | N36: =K36/M36 -> 1468.5556
A37: C0010610 | B37: Motoniveladora potencia 215 HP, ancho de cuchilla 4,27 m, peso 18 ton. | K37: 176667 | M37: 45 | N37: =K37/M37 -> 3925.9333
A38: C0010923 | B38: Vibrocompatador, potencia 153 HP, peso 10 Ton. | K38: 145000 | M38: 45 | N38: =K38/M38 -> 3222.2222
B41: HERRAMIENTA MENOR (%) | M41: 0.01 | N41: =N76*M41 -> 5.4986111
B43: SUBTOTAL $ | N43: =SUM(N36:N42) -> 8622.2097
B45: II. MATERIALES
B47: DESCRIPCIÓN | J47: UNIDAD | K47: CANTIDAD | L47: PRECIO UNIT. | N47: Vr. UNITARIO
A48: B0014300 | B48: Material de base (gradación 1) | J48: m3 | K48: 1.3 | M48: 63517.22 | N48: =K48*M48 -> 82572.386
A49: B0063200 | B49: Agua | J49: lt | K49: 24 | M49: 55 | N49: =K49*M49 -> 1320
B54: SUBTOTAL $ | N54: =SUM(N48:N53) -> 83892.386
B56: III. TRANSPORTES
B58: MATERIAL | H58: UNIDAD | I58: CANTIDAD (1) | J58: DISTANCIA (2) | K58: (1) * (2) | L58: TARIFA | N58: Vr. UNITARIO
A59: T0010030 | B59: Transporte de material de base | H59: m3k | I59: 1.3 | J59: 50 | K59: =I59*J59 -> 65 | L59: 1109.9091 | N59: =K59*L59 -> 72144.091
B65: SUBTOTAL $ | N65: =N59+N60+N61+N62+N63 -> 72144.091
B67: IV. MANO DE OBRA
B69: TRABAJADOR | I69: JORNAL | J69: PRESTACIONES (%) | K69: JORNAL TOTAL | L69: RENDIMIENTO | N69: Vr. UNITARIO
A70: A0040010 | B70: Oficial | I70: 51000 | J70: 185 | K70: =J70/100*I70 -> 94350 | M70: 360 | N70: =K70/M70 -> 262.08333
A71: A0030020 | B71: Obrero (2) | I71: =28000*2 -> 56000 | J71: 185 | K71: =J71/100*I71 -> 103600 | M71: 360 | N71: =K71/M71 -> 287.77778
B76: SUBTOTAL $ | N76: =SUM(N70:N75) -> 549.86111
B78: TOTAL COSTO DIRECTO $ | N78: =N43+N54+N65+N76 -> 165208.55
B80: V. COSTOS INDIRECTOS
B82: Descripción | K82: Porcentaje | L82: Valor Total
B83: ADMINISTRACION | K83: 0.2 | L83: =N78*K83 -> 33041.71
B84: IMPREVISTOS | K84: 0.05 | L84: =N78*K84 -> 8260.4274
B85: UTILIDAD | K85: 0.05 | L85: =N78*K85 -> 8260.4274
B86: SUBTOTAL $ | N86: =L83+L84+L85 -> 49562.564
A88: PFinal01 | B88: Precio Unitario Total Aproximado al Peso $ | N88: =ROUND(N78+N86,0) -> 214771
E93: Firma
E94: Nombre:
E95: Representante Legal del Contratista o su Apoderado
E96: Matricula No. :
B98: OBSERVACIONES INTERVENTORÍA:
B104: APROBACIÓN POR INTERVENTORÍA
B105: Nota 1: Cuando se trate de Análisis de precios unitarios correspondientes a ítems de la propuesta económica aprobada, el Interventor aprueba el desglose de los componentes manteniendo el mismo precio unitario de cada ítem, cumpliendo con las especificaciones de construcción vigentes para el proyecto.
B107: Nota 2: Cuando se trate de Análisis de precios unitarios de ítems no previstos, el Interventor aprueba el desglose y precio unitario de cada ítem no previsto, exigiendo la aplicación de los costos correspondientes a insumos y tarifas de la propuesta económica inicial cuando estén contemplados, cumpliendo con las especificaciones de construcción vigente para el proyecto.
E113: Firma
E114: Nombre:
E115: Representante Legal del Interventor o su Apoderado
E116: Matricula No. :
B118: Original: Archivo de Gestión del Contrato (Subdirección Administrativa).
B119: Copias: Unidad Ejecutora, Contratista, Interventor y Dirección Territorial.

Sheet 420.1
K1: CÓDIGO | L1: MINFRA-MN-IN-10-FR-1
C2: INSTITUTO NACIONAL DE VIAS
C3: PROCESO GESTIÓN DE LA INFRAESTRUCTURA VIAL | K3: VERSIÓN | L3: 1
C4: MANUAL DE INTERVENTORÍA OBRA PÚBLICA
C5: ANÁLISIS DE PRECIOS UNITARIOS | K5: PÁGINA | M5: DE
K8: FECHA
L9: (Día) | M9: (Mes) | N9: (Año)
B10: ITEMS DE LA PROPUESTA ECONÓMICA | F10: □ | I10: ITEMS NO PREVISTOS | K10: □
B11: UNIDAD EJECUTORA: | D11: SUBDIRECCION RED NACIONAL DE CARRETERAS | J11: DIRECCIÓN TERRITORIAL: | K11: CASANARE
B14: CONTRATO No. | D14: DE
B15: OBJETO DEL CONTRATO:
B18: CARRETERA: | J18: SECTOR:
B20: CONTRATISTA:
B22: INTERVENTOR: | K22: CTO No.: | M22: DE
B24: FECHA CIERRE PROCESO DE SELECCIÓN CONTRATO DE OBRA:
F25: (Día) | I25: (Mes) | J25: (Año)
B27: DATOS ESPECÍFICOS
B29: ITEM | C29: DESCRIPCIÓN | K29: GRUPO DE AJUSTE | L29: UNIDAD | N29: CANTIDAD
B30: ITEM | C30: DESCRIPCIÓN | L30: UNIDAD | N30: CANTIDAD
A31: Unidad | B31: 420.1 | C31: RIEGO DE IMPRIMACIÓN CON EMULSIÓN ASFÁLTICA CRL-0 | K31: 8 | L31: m2 | N31: =#REF! -> #REF!
B33: I. EQUIPO
B35: DESCRIPCIÓN | I35: TIPO | K35: TARIFA/HORA | L35: RENDIMIENTO | N35: Vr. UNITARIO
A36: C0010160 | B36: Carrotanque Irrigador de asfalto, 1000 GALONES DE CAPACIDAD | K36: 93266 | M36: 500 | N36: =K36/M36 -> 186.532
A37: C0010250 | B37: Compresor (barrido y soplado) | K37: 43424 | M37: 500 | N37: =K37/M37 -> 86.848
B41: HERRAMIENTA MENOR (%) | M41: 0.01 | N41: =N75*M41 -> 0.518
B43: SUBTOTAL $ | N43: =SUM(N36:N42) -> 273.898
B45: II. MATERIALES
B47: DESCRIPCIÓN | J47: UNIDAD | K47: CANTIDAD | L47: PRECIO UNIT. | N47: Vr. UNITARIO
A48: B020001 | B48: Emulsión CRL-0 | J48: lt | K48: 1 | M48: 1960 | N48: =K48*M48 -> 1960
B54: SUBTOTAL $ | N54: =SUM(N48:N53) -> 1960
B56: III. TRANSPORTES
B58: MATERIAL | H58: UNIDAD | I58: CANTIDAD (1) | J58: DISTANCIA (2) | K58: (1) * (2) | L58: TARIFA | N58: Vr. UNITARIO
B65: SUBTOTAL $
B67: IV. MANO DE OBRA
B69: TRABAJADOR | I69: JORNAL | J69: PRESTACIONES (%) | K69: JORNAL TOTAL | L69: RENDIMIENTO | N69: Vr. UNITARIO
A70: A0030040 | B70: Obrero (4) | I70: =28000*4 -> 112000 | J70: 185 | K70: =J70/100*I70 -> 207200 | M70: 4000 | N70: =K70/M70 -> 51.8
B75: SUBTOTAL $ | N75: =SUM(N70:N74) -> 51.8
B77: TOTAL COSTO DIRECTO $ | N77: =N43+N54+N65+N75 -> 2285.698
B79: V. COSTOS INDIRECTOS
B81: Descripción | K81: Porcentaje | L81: Valor Total
B82: ADMINISTRACION | K82: 0.2 | L82: =N77*K82 -> 457.1396
B83: IMPREVISTOS | K83: 0.05 | L83: =N77*K83 -> 114.2849
B84: UTILIDAD | K84: 0.05 | L84: =N77*K84 -> 114.2849
B85: SUBTOTAL $ | N85: =L82+L83+L84 -> 685.7094
A87: PFinal01 | B87: Precio Unitario Total Aproximado al Peso $ | N87: =ROUND(N77+N85,0) -> 2971
E92: Firma
E93: Nombre:
E94: Representante Legal del Contratista o su Apoderado
E95: Matricula No. :
B97: OBSERVACIONES INTERVENTORÍA:
B103: APROBACIÓN POR INTERVENTORÍA
B104: Nota 1: Cuando se trate de Análisis de precios unitarios correspondientes a ítems de la propuesta económica aprobada, el Interventor aprueba el desglose de los componentes manteniendo el mismo precio unitario de cada ítem, cumpliendo con las especificaciones de construcción vigentes para el proyecto.
B106: Nota 2: Cuando se trate de Análisis de precios unitarios de ítems no previstos, el Interventor aprueba el desglose y precio unitario de cada ítem no previsto, exigiendo la aplicación de los costos correspondientes a insumos y tarifas de la propuesta económica inicial cuando estén contemplados, cumpliendo con las especificaciones de construcción vigente para el proyecto.
E112: Firma
E113: Nombre:
E114: Representante Legal del Interventor o su Apoderado
E115: Matricula No. :
B117: Original: Archivo de Gestión del Contrato (Subdirección Administrativa).
B118: Copias: Unidad Ejecutora, Contratista, Interventor y Dirección Territorial.

Sheet 421,1
K1: CÓDIGO | L1: MINFRA-MN-IN-10-FR-1
C2: INSTITUTO NACIONAL DE VIAS
C3: PROCESO GESTIÓN DE LA INFRAESTRUCTURA VIAL | K3: VERSIÓN | L3: 1
C4: MANUAL DE INTERVENTORÍA OBRA PÚBLICA
C5: ANÁLISIS DE PRECIOS UNITARIOS | K5: PÁGINA | M5: DE
K8: FECHA
L9: (Día) | M9: (Mes) | N9: (Año)
B10: ITEMS DE LA PROPUESTA ECONÓMICA | F10: □ | I10: ITEMS NO PREVISTOS | K10: □
B11: UNIDAD EJECUTORA: | D11: SUBDIRECCION RED NACIONAL DE CARRETERAS | J11: DIRECCIÓN TERRITORIAL: | K11: CASANARE
B14: CONTRATO No. | D14: DE
B15: OBJETO DEL CONTRATO:
B18: CARRETERA: | J18: SECTOR:
B20: CONTRATISTA:
B22: INTERVENTOR: | K22: CTO No.: | M22: DE
B24: FECHA CIERRE PROCESO DE SELECCIÓN CONTRATO DE OBRA:
F25: (Día) | I25: (Mes) | J25: (Año)
B27: DATOS ESPECÍFICOS
B29: ITEM | C29: DESCRIPCIÓN | K29: GRUPO DE AJUSTE | L29: UNIDAD | N29: CANTIDAD
B30: ITEM | C30: DESCRIPCIÓN | L30: UNIDAD | N30: CANTIDAD
A31: Unidad | B31: 421.1 | C31: RIEGO DE LIGA CON EMULSIÓN ASFÁLTICA CRR-1 | K31: 8 | L31: m2 | N31: =#REF! -> #REF!
B33: I. EQUIPO
B35: DESCRIPCIÓN | I35: TIPO | K35: TARIFA/HORA | L35: RENDIMIENTO | N35: Vr. UNITARIO
A36: C0010160 | B36: Carrotanque Irrigador de asfalto, 1000 GALONES DE CAPACIDAD | K36: 93266 | M36: 500 | N36: =K36/M36 -> 186.532
A37: C0010250 | B37: Compresor (barrido y soplado) | K37: 43424 | M37: 500 | N37: =K37/M37 -> 86.848
B41: HERRAMIENTA MENOR (%) | M41: 0.01 | N41: =N76*M41 -> 0.518
B43: SUBTOTAL $ | N43: =SUM(N36:N42) -> 273.898
B45: II. MATERIALES
B47: DESCRIPCIÓN | J47: UNIDAD | K47: CANTIDAD | L47: PRECIO UNIT. | N47: Vr. UNITARIO
A48: B020007 | B48: Emulsión CRR-1 | J48: lt | K48: 0.45 | M48: 2089.7437 | N48: =K48*M48 -> 940.38467
B54: SUBTOTAL $ | N54: =SUM(N48:N53) -> 940.38467
B56: III. TRANSPORTES
B58: MATERIAL | H58: UNIDAD | I58: CANTIDAD (1) | J58: DISTANCIA (2) | K58: (1) * (2) | L58: TARIFA | N58: Vr. UNITARIO
B65: SUBTOTAL $
B67: IV. MANO DE OBRA
B69: TRABAJADOR | I69: JORNAL | J69: PRESTACIONES (%) | K69: JORNAL TOTAL | L69: RENDIMIENTO | N69: Vr. UNITARIO
A70: A0030040 | B70: Obrero (4) | I70: =28000*4 -> 112000 | J70: 185 | K70: =J70/100*I70 -> 207200 | M70: 4000 | N70: =K70/M70 -> 51.8
B76: SUBTOTAL $ | N76: =SUM(N70:N75) -> 51.8
B78: TOTAL COSTO DIRECTO $ | N78: =N43+N54+N65+N76 -> 1266.0827
B80: V. COSTOS INDIRECTOS
B82: Descripción | K82: Porcentaje | L82: Valor Total
B83: ADMINISTRACION | K83: 0.2 | L83: =N78*K83 -> 253.21653
B84: IMPREVISTOS | K84: 0.05 | L84: =N78*K84 -> 63.304134
B85: UTILIDAD | K85: 0.05 | L85: =N78*K85 -> 63.304134
B86: SUBTOTAL $ | N86: =L83+L84+L85 -> 379.8248
A88: PFinal01 | B88: Precio Unitario Total Aproximado al Peso $ | N88: =ROUND(N78+N86,0) -> 1646
E93: Firma
E94: Nombre:
E95: Representante Legal del Contratista o su Apoderado
E96: Matricula No. :
B98: OBSERVACIONES INTERVENTORÍA:
B104: APROBACIÓN POR INTERVENTORÍA
B105: Nota 1: Cuando se trate de Análisis de precios unitarios correspondientes a ítems de la propuesta económica aprobada, el Interventor aprueba el desglose de los componentes manteniendo el mismo precio unitario de cada ítem, cumpliendo con las especificaciones de construcción vigentes para el proyecto.
B107: Nota 2: Cuando se trate de Análisis de precios unitarios de ítems no previstos, el Interventor aprueba el desglose y precio unitario de cada ítem no previsto, exigiendo la aplicación de los costos correspondientes a insumos y tarifas de la propuesta económica inicial cuando estén contemplados, cumpliendo con las especificaciones de construcción vigente para el proyecto.
E113: Firma
E114: Nombre:
E115: Representante Legal del Interventor o su Apoderado
E116: Matricula No. :
B118: Original: Archivo de Gestión del Contrato (Subdirección Administrativa).
B119: Copias: Unidad Ejecutora, Contratista, Interventor y Dirección Territorial.

Sheet 450.2P 
K1: CÓDIGO | L1: MINFRA-MN-IN-10-FR-1
C2: INSTITUTO NACIONAL DE VIAS
C3: PROCESO GESTIÓN DE LA INFRAESTRUCTURA VIAL | K3: VERSIÓN | L3: 1
C4: MANUAL DE INTERVENTORÍA OBRA PÚBLICA
C5: ANÁLISIS DE PRECIOS UNITARIOS | K5: PÁGINA | M5: DE
K8: FECHA
L9: (Día) | M9: (Mes) | N9: (Año)
B10: ITEMS DE LA PROPUESTA ECONÓMICA | F10: □ | I10: ITEMS NO PREVISTOS | K10: □
B11: UNIDAD EJECUTORA: | D11: SUBDIRECCION RED NACIONAL DE CARRETERAS | J11: DIRECCIÓN TERRITORIAL: | K11: CASANARE
B14: CONTRATO No. | D14: DE
B15: OBJETO DEL CONTRATO:
B18: CARRETERA: | J18: SECTOR:
B20: CONTRATISTA:
B22: INTERVENTOR: | K22: CTO No.: | M22: DE
B24: FECHA CIERRE PROCESO DE SELECCIÓN CONTRATO DE OBRA:
F25: (Día) | I25: (Mes) | J25: (Año)
B27: DATOS ESPECÍFICOS
B29: ITEM | C29: DESCRIPCIÓN | K29: GRUPO DE AJUSTE | L29: UNIDAD | N29: CANTIDAD
B30: ITEM | C30: DESCRIPCIÓN | L30: UNIDAD | N30: CANTIDAD
A31: Unidad | B31: 450.2 | C31: MEZCLA DENSA EN CALIENTE TIPO MDC-19 - (Incluye barrido, suministro y compactación ) | L31: m3 | N31: =#REF! -> #REF!
B33: I. EQUIPO
B35: DESCRIPCIÓN | I35: TIPO | K35: TARIFA/HORA | L35: RENDIMIENTO | N35: Vr. UNITARIO
B38: Compactador manual de rodillo | K38: 41250 | M38: 1.5 | N38: =K38/M38 -> 27500
B39: Cortadora de pavimento | K39: 18750 | M39: 2.5 | N39: =K39/M39 -> 7500
B47: HERRAMIENTA MENOR (%) | M47: 0.1 | N47: =N81*M47 -> 765.4375
B49: SUBTOTAL $ | N49: =SUM(N36:N48) -> 35765.438
B51: II. MATERIALES
B53: DESCRIPCIÓN | J53: UNIDAD | K53: CANTIDAD | L53: PRECIO UNIT. | N53: Vr. UNITARIO
B54: MEZCLA DENSA EN CALIENTE TIPO MDC-19 | J54: m3 | K54: 1.25 | M54: 428400 | N54: =K54*M54 -> 535500
B59: SUBTOTAL $ | N59: =SUM(N54:N58) -> 535500
B61: III. TRANSPORTES
A65: T0010271 | B65: Transporte de Mezcla Densa en Caliente MDC-19 | H65: m3km | I65: 1.25 | J65: 10 | K65: =I65*J65 -> 12.5 | L65: 1109.9091 | N65: =K65*L65 -> 13873.864
B70: SUBTOTAL $ | N70: =N64+N65+N66+N67+N68 -> 13873.864
B72: IV. MANO DE OBRA
B74: TRABAJADOR | I74: JORNAL | J74: PRESTACIONES (%) | K74: JORNAL TOTAL | L74: RENDIMIENTO | N74: Vr. UNITARIO
A75: A0030080 | B75: Obrero (8) | I75: =28000*8 -> 224000 | J75: 185 | K75: =J75/100*I75 -> 414400 | M75: 80 | N75: =K75/M75 -> 5180
A76: A0040010 | B76: Oficial | I76: 51000 | J76: 185 | K76: =J76/100*I76 -> 94350 | M76: 80 | N76: =K76/M76 -> 1179.375
A77: A0070020 | B77: Rastrilleros (2) | I77: =28000*2 -> 56000 | J77: 185 | K77: =J77/100*I77 -> 103600 | M77: 80 | N77: =K77/M77 -> 1295
B81: SUBTOTAL $ | N81: =SUM(N75:N80) -> 7654.375
B83: TOTAL COSTO DIRECTO $ | N83: =N49+N59+N70+N81 -> 592793.68
B85: V. COSTOS INDIRECTOS
B87: Descripción | K87: Porcentaje | L87: Valor Total
B88: ADMINISTRACION | K88: 0.2 | L88: =N83*K88 -> 118558.74
B89: IMPREVISTOS | K89: 0.05 | L89: =N83*K89 -> 29639.684
B90: UTILIDAD | K90: 0.05 | L90: =N83*K90 -> 29639.684
B91: SUBTOTAL $ | N91: =L88+L89+L90 -> 177838.1
A93: PFinal01 | B93: Precio Unitario Total Aproximado al Peso $ | N93: =ROUND(N83+N91,0) -> 770632
E98: Firma
E99: Nombre:
E100: Representante Legal del Contratista o su Apoderado
E101: Matricula No. :
B103: OBSERVACIONES INTERVENTORÍA:
B109: APROBACIÓN POR INTERVENTORÍA
B110: Nota 1: Cuando se trate de Análisis de precios unitarios correspondientes a ítems de la propuesta económica aprobada, el Interventor aprueba el desglose de los componentes manteniendo el mismo precio unitario de cada ítem, cumpliendo con las especificaciones de construcción vigentes para el proyecto.
B112: Nota 2: Cuando se trate de Análisis de precios unitarios de ítems no previstos, el Interventor aprueba el desglose y precio unitario de cada ítem no previsto, exigiendo la aplicación de los costos correspondientes a insumos y tarifas de la propuesta económica inicial cuando estén contemplados, cumpliendo con las especificaciones de construcción vigente para el proyecto.
E118: Firma
E119: Nombre:
E120: Representante Legal del Interventor o su Apoderado
E121: Matricula No. :
B123: Original: Archivo de Gestión del Contrato (Subdirección Administrativa).
B124: Copias: Unidad Ejecutora, Contratista, Interventor y Dirección Territorial.

Sheet 600.1.1P
K1: CÓDIGO | L1: MINFRA-MN-IN-10-FR-1
C2: INSTITUTO NACIONAL DE VIAS
C3: PROCESO GESTIÓN DE LA INFRAESTRUCTURA VIAL | K3: VERSIÓN | L3: 1
C4: MANUAL DE INTERVENTORÍA OBRA PÚBLICA
C5: ANÁLISIS DE PRECIOS UNITARIOS | K5: PÁGINA | M5: DE
K8: FECHA
L9: (Día) | M9: (Mes) | N9: (Año)
B10: ITEMS DE LA PROPUESTA ECONÓMICA | F10: □ | I10: ITEMS NO PREVISTOS | K10: □
B11: UNIDAD EJECUTORA: | D11: SUBDIRECCION RED NACIONAL DE CARRETERAS | J11: DIRECCIÓN TERRITORIAL: | K11: CASANARE
B14: CONTRATO No. | D14: DE
B15: OBJETO DEL CONTRATO:
B18: CARRETERA: | J18: SECTOR:
B20: CONTRATISTA:
B22: INTERVENTOR: | K22: CTO No.: | M22: DE
B24: FECHA CIERRE PROCESO DE SELECCIÓN CONTRATO DE OBRA:
F25: (Día) | I25: (Mes) | J25: (Año)
B27: DATOS ESPECÍFICOS
B29: ITEM | C29: DESCRIPCIÓN | K29: GRUPO DE AJUSTE | L29: UNIDAD | N29: CANTIDAD
B30: ITEM | C30: DESCRIPCIÓN | L30: UNIDAD | N30: CANTIDAD
A31: Unidad | B31: 600.1.1P | C31: EXCAVACIÓN A MÁQUINA PARA OBRAS HIDRAULICAS | K31: 6 | L31: m3 | N31: =#REF! -> #REF!
B33: I. EQUIPO
B35: DESCRIPCIÓN | I35: TIPO | K35: TARIFA/HORA | L35: RENDIMIENTO | N35: Vr. UNITARIO
A36: C0010270 | B36: Compresor 120 HP, con martillo. | K36: 94846 | M36: 35 | N36: =K36/M36 -> 2709.8857
A37: C0010790 | B37: Retroexcavadora sobre oruga, potencia 138 HP, balde de 1,5 m3. | K37: 181507 | M37: 35 | N37: =K37/M37 -> 5185.9143
A38: C0010831
B40: HERRAMIENTA MENOR (%) | M40: 0.01 | N40: =N73*M40 -> 8.0396179
B42: SUBTOTAL $ | N42: =SUM(N36:N41) -> 7903.8396
B44: II. MATERIALES
B46: DESCRIPCIÓN | J46: UNIDAD | K46: CANTIDAD | L46: PRECIO UNIT. | N46: Vr. UNITARIO
A47: B0013790 | B47: Derechos de explotación y/o disposición de materiales | J47: m3 | K47: 1.3 | M47: 4128.9583 | N47: =K47*M47 -> 5367.6457
B51: SUBTOTAL $ | N51: =SUM(N47:N50) -> 5367.6457
B53: III. TRANSPORTES
B55: MATERIAL | H55: UNIDAD | I55: CANTIDAD (1) | J55: DISTANCIA (2) | K55: (1) * (2) | L55: TARIFA | N55: Vr. UNITARIO
A56: T0010025 | B56: Transporte de material de excavación | H56: m3km | I56: 1.3 | J56: 1 | K56: =I56*J56 -> 1.3 | L56: 1125.1295 | N56: =K56*L56 -> 1462.6683
B62: SUBTOTAL $ | N62: =N56+N57+N58+N59+N60 -> 1462.6683
B64: IV. MANO DE OBRA
B66: TRABAJADOR | I66: JORNAL | J66: PRESTACIONES (%) | K66: JORNAL TOTAL | L66: RENDIMIENTO | N66: Vr. UNITARIO
A67: A0030020 | B67: Obrero (2) | I67: =28000*2 -> 56000 | J67: 185 | K67: =J67/100*I67 -> 103600 | M67: 246.21817 | N67: =K67/M67 -> 420.76505
A68: A0040010 | B68: Oficial | I68: 51000 | J68: 185 | K68: =J68/100*I68 -> 94350 | M68: =+M67 -> 246.21817 | N68: =K68/M68 -> 383.19674
B73: SUBTOTAL $ | N73: =SUM(N67:N72) -> 803.96179
B75: TOTAL COSTO DIRECTO $ | N75: =N42+N51+N62+N73 -> 15538.115
B77: V. COSTOS INDIRECTOS
B79: Descripción | K79: Porcentaje | L79: Valor Total
B80: ADMINISTRACION | K80: 0.2 | L80: =N75*K80 -> 3107.6231
B81: IMPREVISTOS | K81: 0.05 | L81: =N75*K81 -> 776.90577
B82: UTILIDAD | K82: 0.05 | L82: =N75*K82 -> 776.90577
B83: SUBTOTAL $ | N83: =L80+L81+L82 -> 4661.4346
A85: PFinal01 | B85: Precio Unitario Total Aproximado al Peso $ | N85: =ROUND(N75+N83,0) -> 20200
E90: Firma
E91: Nombre:
E92: Representante Legal del Contratista o su Apoderado
E93: Matricula No. :
B95: OBSERVACIONES INTERVENTORÍA:
B101: APROBACIÓN POR INTERVENTORÍA
B102: Nota 1: Cuando se trate de Análisis de precios unitarios correspondientes a ítems de la propuesta económica aprobada, el Interventor aprueba el desglose de los componentes manteniendo el mismo precio unitario de cada ítem, cumpliendo con las especificaciones de construcción vigentes para el proyecto.
B104: Nota 2: Cuando se trate de Análisis de precios unitarios de ítems no previstos, el Interventor aprueba el desglose y precio unitario de cada ítem no previsto, exigiendo la aplicación de los costos correspondientes a insumos y tarifas de la propuesta económica inicial cuando estén contemplados, cumpliendo con las especificaciones de construcción vigente para el proyecto.
E110: Firma
E111: Nombre:
E112: Representante Legal del Interventor o su Apoderado
E113: Matricula No. :
B115: Original: Archivo de Gestión del Contrato (Subdirección Administrativa).
B116: Copias: Unidad Ejecutora, Contratista, Interventor y Dirección Territorial.

Sheet 610.1
K1: CÓDIGO | L1: MINFRA-MN-IN-10-FR-1
C2: INSTITUTO NACIONAL DE VIAS
C3: PROCESO GESTIÓN DE LA INFRAESTRUCTURA VIAL | K3: VERSIÓN | L3: 1
C4: MANUAL DE INTERVENTORÍA OBRA PÚBLICA
C5: ANÁLISIS DE PRECIOS UNITARIOS | K5: PÁGINA | M5: DE
K8: FECHA
L9: (Día) | M9: (Mes) | N9: (Año)
B10: ITEMS DE LA PROPUESTA ECONÓMICA | F10: □ | I10: ITEMS NO PREVISTOS | K10: □
B11: UNIDAD EJECUTORA: | D11: SUBDIRECCION RED NACIONAL DE CARRETERAS | J11: DIRECCIÓN TERRITORIAL: | K11: CASANARE
B14: CONTRATO No. | D14: DE
B15: OBJETO DEL CONTRATO:
B18: CARRETERA: | J18: SECTOR:
B20: CONTRATISTA:
B22: INTERVENTOR: | K22: CTO No.: | M22: DE
B24: FECHA CIERRE PROCESO DE SELECCIÓN CONTRATO DE OBRA:
F25: (Día) | I25: (Mes) | J25: (Año)
B27: DATOS ESPECÍFICOS
B29: ITEM | C29: DESCRIPCIÓN | K29: GRUPO DE AJUSTE | L29: UNIDAD | N29: CANTIDAD
B30: ITEM | C30: DESCRIPCIÓN | L30: UNIDAD | N30: CANTIDAD
A31: Unidad | B31: 610.1 | C31: Rellenos para Estructuras con Suelo. | K31: 1 | L31: m3 | N31: =+'Pto. Obra'!I27 -> 10
B33: I. EQUIPO
B35: DESCRIPCIÓN | I35: TIPO | K35: TARIFA/HORA | L35: RENDIMIENTO | N35: Vr. UNITARIO
A36: C0010200 | B36: Compactador manual (SALTARIN) Peso de operación (Kg.) 52, Fuerza de impacto por golpe (KN) 12. | K36: 10225 | M36: 2.5 | N36: =K36/M36 -> 4090
B41: HERRAMIENTA MENOR (%) | M41: 0.05 | N41: =N77*M41 -> 388.5
B43: SUBTOTAL $ | N43: =SUM(N36:N42) -> 4478.5
B45: II. MATERIALES
B47: DESCRIPCIÓN | J47: UNIDAD | K47: CANTIDAD | L47: PRECIO UNIT. | N47: Vr. UNITARIO
A48: B0014410 | B48: Material seleccionado para Relleno | J48: m3 | K48: 1.3 | M48: 24451 | N48: =K48*M48 -> 31786.3
A49: B0063200 | B49: Agua | J49: lt | K49: 30 | M49: 55 | N49: =K49*M49 -> 1650
B55: SUBTOTAL $ | N55: =SUM(N48:N54) -> 33436.3
B57: III. TRANSPORTES
B59: MATERIAL | H59: UNIDAD | I59: CANTIDAD (1) | J59: DISTANCIA (2) | K59: (1) * (2) | L59: TARIFA | N59: Vr. UNITARIO
A60: T0010062 | B60: Transporte de material seleccionado para relleno | H60: m3km | I60: 1.3 | J60: 1 | K60: =I60*J60 -> 1.3 | L60: 1109.9091 | N60: =K60*L60 -> 1442.8818
B66: SUBTOTAL $ | N66: =N60+N61+N62+N63+N64 -> 1442.8818
B68: IV. MANO DE OBRA
B70: TRABAJADOR | I70: JORNAL | J70: PRESTACIONES (%) | K70: JORNAL TOTAL | L70: RENDIMIENTO | N70: Vr. UNITARIO
A71: A0030030 | B71: Obrero (3) | I71: =28000*3 -> 84000 | J71: 185 | K71: =J71/100*I71 -> 155400 | M71: 20 | N71: =K71/M71 -> 7770
B77: SUBTOTAL $ | N77: =SUM(N71:N76) -> 7770
B79: TOTAL COSTO DIRECTO $ | N79: =N43+N55+N66+N77 -> 47127.682
B81: V. COSTOS INDIRECTOS
B83: Descripción | K83: Porcentaje | L83: Valor Total
B84: ADMINISTRACION | K84: 0.2 | L84: =N79*K84 -> 9425.5364
B85: IMPREVISTOS | K85: 0.05 | L85: =N79*K85 -> 2356.3841
B86: UTILIDAD | K86: 0.05 | L86: =N79*K86 -> 2356.3841
B87: SUBTOTAL $ | N87: =L84+L85+L86 -> 14138.305
A89: PFinal01 | B89: Precio Unitario Total Aproximado al Peso $ | N89: =ROUND(N79+N87,0) -> 61266 | P89: 61309 | Q89: =N89-P89 -> -43
Q90: =Q89*N31 -> -430
E94: Firma
E95: Nombre:
E96: Representante Legal del Contratista o su Apoderado
E97: Matricula No. :
B99: OBSERVACIONES INTERVENTORÍA:
B105: APROBACIÓN POR INTERVENTORÍA
B106: Nota 1: Cuando se trate de Análisis de precios unitarios correspondientes a ítems de la propuesta económica aprobada, el Interventor aprueba el desglose de los componentes manteniendo el mismo precio unitario de cada ítem, cumpliendo con las especificaciones de construcción vigentes para el proyecto.
B108: Nota 2: Cuando se trate de Análisis de precios unitarios de ítems no previstos, el Interventor aprueba el desglose y precio unitario de cada ítem no previsto, exigiendo la aplicación de los costos correspondientes a insumos y tarifas de la propuesta económica inicial cuando estén contemplados, cumpliendo con las especificaciones de construcción vigente para el proyecto.
E114: Firma
E115: Nombre:
E116: Representante Legal del Interventor o su Apoderado
E117: Matricula No. :
B119: Original: Archivo de Gestión del Contrato (Subdirección Administrativa).
B120: Copias: Unidad Ejecutora, Contratista, Interventor y Dirección Territorial.

Sheet 610.2
K1: CÓDIGO | L1: MINFRA-MN-IN-10-FR-1
C2: INSTITUTO NACIONAL DE VIAS
C3: PROCESO GESTIÓN DE LA INFRAESTRUCTURA VIAL | K3: VERSIÓN | L3: 1
C4: MANUAL DE INTERVENTORÍA OBRA PÚBLICA
C5: ANÁLISIS DE PRECIOS UNITARIOS | K5: PÁGINA | M5: DE
K8: FECHA
L9: (Día) | M9: (Mes) | N9: (Año)
B10: ITEMS DE LA PROPUESTA ECONÓMICA | F10: □ | I10: ITEMS NO PREVISTOS | K10: □
B11: UNIDAD EJECUTORA: | D11: SUBDIRECCION RED NACIONAL DE CARRETERAS | J11: DIRECCIÓN TERRITORIAL: | K11: CASANARE
B14: CONTRATO No. | D14: DE
B15: OBJETO DEL CONTRATO:
B18: CARRETERA: | J18: SECTOR:
B20: CONTRATISTA:
B22: INTERVENTOR: | K22: CTO No.: | M22: DE
B24: FECHA CIERRE PROCESO DE SELECCIÓN CONTRATO DE OBRA:
F25: (Día) | I25: (Mes) | J25: (Año)
B27: DATOS ESPECÍFICOS
B29: ITEM | C29: DESCRIPCIÓN | K29: GRUPO DE AJUSTE | L29: UNIDAD | N29: CANTIDAD
B30: ITEM | C30: DESCRIPCIÓN | L30: UNIDAD | N30: CANTIDAD
A31: Unidad | B31: 610.2 | C31: Rellenos Para Estructuras con Recebo. | K31: 1 | L31: m3 | N31: =+'Pto. Obra'!I28 -> 12
B33: I. EQUIPO
B35: DESCRIPCIÓN | I35: TIPO | K35: TARIFA/HORA | L35: RENDIMIENTO | N35: Vr. UNITARIO
A36: C0010200 | B36: Compactador manual (SALTARIN) Peso de operación (Kg.) 52, Fuerza de impacto por golpe (KN) 12. | K36: 10225 | M36: 2.5 | N36: =K36/M36 -> 4090
B41: HERRAMIENTA MENOR (%) | M41: 0.05 | N41: =N77*M41 -> 388.5
B43: SUBTOTAL $ | N43: =SUM(N36:N42) -> 4478.5
B45: II. MATERIALES
B47: DESCRIPCIÓN | J47: UNIDAD | K47: CANTIDAD | L47: PRECIO UNIT. | N47: Vr. UNITARIO
A48: B0014373 | B48: Material de Recebo Para Relleno | J48: m3 | K48: 1.3 | M48: 19040 | N48: =K48*M48 -> 24752
A49: B0063200 | B49: Agua | J49: lt | K49: 30 | M49: 55 | N49: =K49*M49 -> 1650
B55: SUBTOTAL $ | N55: =SUM(N48:N54) -> 26402
B57: III. TRANSPORTES
B59: MATERIAL | H59: UNIDAD | I59: CANTIDAD (1) | J59: DISTANCIA (2) | K59: (1) * (2) | L59: TARIFA | N59: Vr. UNITARIO
A60: T0010062 | B60: Transporte de material seleccionado para relleno | H60: m3km | I60: 1.3 | J60: 5 | K60: =I60*J60 -> 6.5 | L60: 1109.9091 | N60: =K60*L60 -> 7214.4091
B66: SUBTOTAL $ | N66: =N60+N61+N62+N63+N64 -> 7214.4091
B68: IV. MANO DE OBRA
B70: TRABAJADOR | I70: JORNAL | J70: PRESTACIONES (%) | K70: JORNAL TOTAL | L70: RENDIMIENTO | N70: Vr. UNITARIO
A71: A0030030 | B71: Obrero (3) | I71: =28000*3 -> 84000 | J71: 185 | K71: =J71/100*I71 -> 155400 | M71: 20 | N71: =K71/M71 -> 7770
B77: SUBTOTAL $ | N77: =SUM(N71:N76) -> 7770
B79: TOTAL COSTO DIRECTO $ | N79: =N43+N55+N66+N77 -> 45864.909
B81: V. COSTOS INDIRECTOS
B83: Descripción | K83: Porcentaje | L83: Valor Total
B84: ADMINISTRACION | K84: 0.2 | L84: =N79*K84 -> 9172.9818
B85: IMPREVISTOS | K85: 0.05 | L85: =N79*K85 -> 2293.2455
B86: UTILIDAD | K86: 0.05 | L86: =N79*K86 -> 2293.2455
B87: SUBTOTAL $ | N87: =L84+L85+L86 -> 13759.473
A89: PFinal01 | B89: Precio Unitario Total Aproximado al Peso $ | N89: =ROUND(N79+N87,0) -> 59624 | P89: 59667 | Q89: =N89-P89 -> -43
Q90: =Q89*N31 -> -516
E94: Firma
E95: Nombre:
E96: Representante Legal del Contratista o su Apoderado
E97: Matricula No. :
B99: OBSERVACIONES INTERVENTORÍA:
B105: APROBACIÓN POR INTERVENTORÍA
B106: Nota 1: Cuando se trate de Análisis de precios unitarios correspondientes a ítems de la propuesta económica aprobada, el Interventor aprueba el desglose de los componentes manteniendo el mismo precio unitario de cada ítem, cumpliendo con las especificaciones de construcción vigentes para el proyecto.
B108: Nota 2: Cuando se trate de Análisis de precios unitarios de ítems no previstos, el Interventor aprueba el desglose y precio unitario de cada ítem no previsto, exigiendo la aplicación de los costos correspondientes a insumos y tarifas de la propuesta económica inicial cuando estén contemplados, cumpliendo con las especificaciones de construcción vigente para el proyecto.
E114: Firma
E115: Nombre:
E116: Representante Legal del Interventor o su Apoderado
E117: Matricula No. :
B119: Original: Archivo de Gestión del Contrato (Subdirección Administrativa).
B120: Copias: Unidad Ejecutora, Contratista, Interventor y Dirección Territorial.

Sheet 630.4
K1: CÓDIGO | L1: MINFRA-MN-IN-10-FR-1
C2: INSTITUTO NACIONAL DE VIAS
C3: PROCESO GESTIÓN DE LA INFRAESTRUCTURA VIAL | K3: VERSIÓN | L3: 1
C4: MANUAL DE INTERVENTORÍA OBRA PÚBLICA
C5: ANÁLISIS DE PRECIOS UNITARIOS | K5: PÁGINA | M5: DE
K8: FECHA
L9: (Día) | M9: (Mes) | N9: (Año)
B10: ITEMS DE LA PROPUESTA ECONÓMICA | F10: □ | I10: ITEMS NO PREVISTOS | K10: □
B11: UNIDAD EJECUTORA: | D11: SUBDIRECCION RED NACIONAL DE CARRETERAS | J11: DIRECCIÓN TERRITORIAL: | K11: CASANARE
B14: CONTRATO No. | D14: DE
B15: OBJETO DEL CONTRATO:
B18: CARRETERA: | J18: SECTOR:
B20: CONTRATISTA:
B22: INTERVENTOR: | K22: CTO No.: | M22: DE
B24: FECHA CIERRE PROCESO DE SELECCIÓN CONTRATO DE OBRA:
F25: (Día) | I25: (Mes) | J25: (Año)
B27: DATOS ESPECÍFICOS
B29: ITEM | C29: DESCRIPCIÓN | K29: GRUPO DE AJUSTE | L29: UNIDAD | N29: CANTIDAD
B30: ITEM | C30: DESCRIPCIÓN | L30: UNIDAD | N30: CANTIDAD
A31: Unidad | B31: 630.4 | C31: Concreto Resistencia 21MPa (D) | K31: 6 | L31: m3 | N31: =+'Pto. Obra'!I29 -> 6
B33: I. EQUIPO
B35: DESCRIPCIÓN | I35: TIPO | K35: TARIFA/HORA | L35: RENDIMIENTO | N35: Vr. UNITARIO
A36: C0010010 | B36: Aspersor manual | K36: 3050 | M36: 2 | N36: =K36/M36 -> 1525
A37: C0010922 | B37: Vibrador de concreto, Motor de 3 hp a 18.000 rpm Mangueras de 4 mt | K37: 7897 | M37: 2 | N37: =K37/M37 -> 3948.5
B41: HERRAMIENTA MENOR (%) | M41: 0.05 | N41: =N77*M41 -> 1266.0938
B43: SUBTOTAL $ | N43: =SUM(N36:N42) -> 6739.5938
B45: II. MATERIALES
B47: DESCRIPCIÓN | J47: UNIDAD | K47: CANTIDAD | L47: PRECIO UNIT. | N47: Vr. UNITARIO
A48: B0123650 | B48: Concreto Resistencia 21 (Mpa) | J48: m3 | K48: 1 | M48: 415494 | N48: =K48*M48 -> 415494
A49: B0063290 | B49: Antisol blanco (presentación 20 kg) | J49: kg | K49: 1 | M49: 6405 | N49: =K49*M49 -> 6405
A50: B021001 | B50: Formaleta (gaviones, juntas de bordillos, juntas de cunetas, muros, concretos clase D,E, F y G) | J50: m2 | K50: 4.6 | M50: 6095.7368 | N50: =K50*M50 -> 28040.389
B55: SUBTOTAL $ | N55: =SUM(N48:N54) -> 449939.39
B57: III. TRANSPORTES
B59: MATERIAL | H59: UNIDAD | I59: CANTIDAD (1) | J59: DISTANCIA (2) | K59: (1) * (2) | L59: TARIFA | N59: Vr. UNITARIO
A60: T0010009 | B60: Transporte de concreto | H60: m3k | I60: 1 | J60: 35 | K60: =I60*J60 -> 35 | L60: 1109.9091 | N60: =K60*L60 -> 38846.818
B66: SUBTOTAL $ | N66: =N60+N61+N62+N63+N64 -> 38846.818
B68: IV. MANO DE OBRA
B70: TRABAJADOR | I70: JORNAL | J70: PRESTACIONES (%) | K70: JORNAL TOTAL | L70: RENDIMIENTO | N70: Vr. UNITARIO
A71: A0030060 | B71: Obrero (6) | I71: =28000*6 -> 168000 | J71: 185 | K71: =J71/100*I71 -> 310800 | M71: 16 | N71: =K71/M71 -> 19425
A72: A0040010 | B72: Oficial | I72: 51000 | J72: 185 | K72: =J72/100*I72 -> 94350 | M72: 16 | N72: =K72/M72 -> 5896.875
B77: SUBTOTAL $ | N77: =SUM(N71:N76) -> 25321.875
B79: TOTAL COSTO DIRECTO $ | N79: =N43+N55+N66+N77 -> 520847.68
B81: V. COSTOS INDIRECTOS
B83: Descripción | K83: Porcentaje | L83: Valor Total
B84: ADMINISTRACION | K84: 0.2 | L84: =N79*K84 -> 104169.54
B85: IMPREVISTOS | K85: 0.05 | L85: =N79*K85 -> 26042.384
B86: UTILIDAD | K86: 0.05 | L86: =N79*K86 -> 26042.384
B87: SUBTOTAL $ | N87: =L84+L85+L86 -> 156254.3
A89: PFinal01 | B89: Precio Unitario Total Aproximado al Peso $ | N89: =ROUND(N79+N87,0) -> 677102 | P89: 695230 | Q89: =N89-P89 -> -18128
Q90: =Q89*N31 -> -108768
E94: Firma
E95: Nombre:
E96: Representante Legal del Contratista o su Apoderado
E97: Matricula No. :
B99: OBSERVACIONES INTERVENTORÍA:
B105: APROBACIÓN POR INTERVENTORÍA
B106: Nota 1: Cuando se trate de Análisis de precios unitarios correspondientes a ítems de la propuesta económica aprobada, el Interventor aprueba el desglose de los componentes manteniendo el mismo precio unitario de cada ítem, cumpliendo con las especificaciones de construcción vigentes para el proyecto.
B108: Nota 2: Cuando se trate de Análisis de precios unitarios de ítems no previstos, el Interventor aprueba el desglose y precio unitario de cada ítem no previsto, exigiendo la aplicación de los costos correspondientes a insumos y tarifas de la propuesta económica inicial cuando estén contemplados, cumpliendo con las especificaciones de construcción vigente para el proyecto.
E114: Firma
E115: Nombre:
E116: Representante Legal del Interventor o su Apoderado
E117: Matricula No. :
B119: Original: Archivo de Gestión del Contrato (Subdirección Administrativa).
B120: Copias: Unidad Ejecutora, Contratista, Interventor y Dirección Territorial.

Sheet 630.6
K1: CÓDIGO | L1: MINFRA-MN-IN-10-FR-1
C2: INSTITUTO NACIONAL DE VIAS
C3: PROCESO GESTIÓN DE LA INFRAESTRUCTURA VIAL | K3: VERSIÓN | L3: 1
C4: MANUAL DE INTERVENTORÍA OBRA PÚBLICA
C5: ANÁLISIS DE PRECIOS UNITARIOS | K5: PÁGINA | M5: DE
K8: FECHA
L9: (Día) | M9: (Mes) | N9: (Año)
B10: ITEMS DE LA PROPUESTA ECONÓMICA | F10: □ | I10: ITEMS NO PREVISTOS | K10: □
B11: UNIDAD EJECUTORA: | D11: SUBDIRECCION RED NACIONAL DE CARRETERAS | J11: DIRECCIÓN TERRITORIAL: | K11: CASANARE
B14: CONTRATO No. | D14: DE
B15: OBJETO DEL CONTRATO:
B18: CARRETERA: | J18: SECTOR:
B20: CONTRATISTA:
B22: INTERVENTOR: | K22: CTO No.: | M22: DE
B24: FECHA CIERRE PROCESO DE SELECCIÓN CONTRATO DE OBRA:
F25: (Día) | I25: (Mes) | J25: (Año)
B27: DATOS ESPECÍFICOS
B29: ITEM | C29: DESCRIPCIÓN | K29: GRUPO DE AJUSTE | L29: UNIDAD | N29: CANTIDAD
B30: ITEM | C30: DESCRIPCIÓN | L30: UNIDAD | N30: CANTIDAD
A31: Unidad | B31: 630.6 | C31: Concreto Resistencia 14MPa (F) | K31: 6 | L31: m3 | N31: =+'Pto. Obra'!I30 -> 1
B33: I. EQUIPO
B35: DESCRIPCIÓN | I35: TIPO | K35: TARIFA/HORA | L35: RENDIMIENTO | N35: Vr. UNITARIO
A36: C0010550 | B36: Mezcladora de concreto 1 bulto | K36: 5411 | M36: 1 | N36: =K36/M36 -> 5411
B41: HERRAMIENTA MENOR (%) | M41: 0.05 | N41: =N81*M41 -> 3179.6875
B43: SUBTOTAL $ | N43: =SUM(N36:N42) -> 8590.6875
B45: II. MATERIALES
B47: DESCRIPCIÓN | J47: UNIDAD | K47: CANTIDAD | L47: PRECIO UNIT. | N47: Vr. UNITARIO
A48: B0053100 | B48: Agregado para concreto hidráulico | J48: m3 | K48: 0.84 | M48: 59500 | N48: =K48*M48 -> 49980
A49: B0063200 | B49: Agua | J49: lt | K49: 185 | M49: 55 | N49: =K49*M49 -> 10175
A50: B0093350 | B50: Arena lavada | J50: m3 | K50: 0.63 | M50: 22610 | N50: =K50*M50 -> 14244.3
A51: B0100001 | B51: Cemento gris | J51: kg | K51: 260 | M51: 483.13515 | N51: =K51*M51 -> 125615.14
B59: SUBTOTAL $ | N59: =SUM(N48:N58) -> 200014.44
B61: III. TRANSPORTES
B63: MATERIAL | H63: UNIDAD | I63: CANTIDAD (1) | J63: DISTANCIA (2) | K63: (1) * (2) | L63: TARIFA | N63: Vr. UNITARIO
A64: T0010004 | B64: Transporte de arena | H64: m3k | I64: 0.63 | J64: 35 | K64: =I64*J64 -> 22.05 | L64: 1109.9091 | N64: =K64*L64 -> 24473.495
A65: T0010042 | B65: Transporte de material triturado | H65: m3k | I65: 0.84 | J65: 35 | K65: =I65*J65 -> 29.4 | L65: 1109.9091 | N65: =K65*L65 -> 32631.327
B70: SUBTOTAL $ | N70: =N64+N65+N66+N67+N68 -> 57104.823
B72: IV. MANO DE OBRA
B74: TRABAJADOR | I74: JORNAL | J74: PRESTACIONES (%) | K74: JORNAL TOTAL | L74: RENDIMIENTO | N74: Vr. UNITARIO
A75: A0030080 | B75: Obrero (8) | I75: =28000*8 -> 224000 | J75: 185 | K75: =J75/100*I75 -> 414400 | M75: 8 | N75: =K75/M75 -> 51800
A76: A0040010 | B76: Oficial | I76: 51000 | J76: 185 | K76: =J76/100*I76 -> 94350 | M76: 8 | N76: =K76/M76 -> 11793.75
B81: SUBTOTAL $ | N81: =SUM(N75:N80) -> 63593.75
B83: TOTAL COSTO DIRECTO $ | N83: =N43+N59+N70+N81 -> 329303.7
B85: V. COSTOS INDIRECTOS
B87: Descripción | K87: Porcentaje | L87: Valor Total
B88: ADMINISTRACION | K88: 0.2 | L88: =N83*K88 -> 65860.74
B89: IMPREVISTOS | K89: 0.05 | L89: =N83*K89 -> 16465.185
B90: UTILIDAD | K90: 0.05 | L90: =N83*K90 -> 16465.185
B91: SUBTOTAL $ | N91: =L88+L89+L90 -> 98791.109
A93: PFinal01 | B93: Precio Unitario Total Aproximado al Peso $ | N93: =ROUND(N83+N91,0) -> 428095
E98: Firma
E99: Nombre:
E100: Representante Legal del Contratista o su Apoderado
E101: Matricula No. :
B103: OBSERVACIONES INTERVENTORÍA:
B109: APROBACIÓN POR INTERVENTORÍA
B110: Nota 1: Cuando se trate de Análisis de precios unitarios correspondientes a ítems de la propuesta económica aprobada, el Interventor aprueba el desglose de los componentes manteniendo el mismo precio unitario de cada ítem, cumpliendo con las especificaciones de construcción vigentes para el proyecto.
B112: Nota 2: Cuando se trate de Análisis de precios unitarios de ítems no previstos, el Interventor aprueba el desglose y precio unitario de cada ítem no previsto, exigiendo la aplicación de los costos correspondientes a insumos y tarifas de la propuesta económica inicial cuando estén contemplados, cumpliendo con las especificaciones de construcción vigente para el proyecto.
E118: Firma
E119: Nombre:
E120: Representante Legal del Interventor o su Apoderado
E121: Matricula No. :
B123: Original: Archivo de Gestión del Contrato (Subdirección Administrativa).
B124: Copias: Unidad Ejecutora, Contratista, Interventor y Dirección Territorial.

Sheet 630,7
K1: CÓDIGO | L1: MINFRA-MN-IN-10-FR-1
C2: INSTITUTO NACIONAL DE VIAS
C3: PROCESO GESTIÓN DE LA INFRAESTRUCTURA VIAL | K3: VERSIÓN | L3: 1
C4: MANUAL DE INTERVENTORÍA OBRA PÚBLICA
C5: ANÁLISIS DE PRECIOS UNITARIOS | K5: PÁGINA | M5: DE
K8: FECHA
L9: (Día) | M9: (Mes) | N9: (Año)
B10: ITEMS DE LA PROPUESTA ECONÓMICA | F10: □ | I10: ITEMS NO PREVISTOS | K10: □
B11: UNIDAD EJECUTORA: | J11: DIRECCIÓN TERRITORIAL:
B14: CONTRATO No. | D14: DE
B15: OBJETO DEL CONTRATO:
B18: CARRETERA: | J18: SECTOR:
B20: CONTRATISTA:
B22: INTERVENTOR: | K22: CTO No.: | M22: DE
B24: FECHA CIERRE PROCESO DE SELECCIÓN CONTRATO DE OBRA:
F25: (Día) | I25: (Mes) | J25: (Año)
B27: DATOS ESPECÍFICOS
B29: ITEM | C29: DESCRIPCIÓN | K29: GRUPO DE AJUSTE | L29: UNIDAD | N29: CANTIDAD
B30: ITEM | C30: DESCRIPCIÓN | L30: UNIDAD | N30: CANTIDAD
A31: Unidad | B31: 630.7 | C31: Concreto Resistencia 14MPa (G) (Ciclopeo) | L31: m3 | N31: =+'Pto. Obra'!I31 -> 2
B33: I. EQUIPO
B35: DESCRIPCIÓN | I35: TIPO | K35: TARIFA/HORA | L35: RENDIMIENTO | N35: Vr. UNITARIO
A36: C0010550 | B36: Mezcladora de concreto 1 bulto | K36: 7181 | M36: 1 | N36: =+K36/M36 -> 7181
B41: HERRAMIENTA MENOR (%) | M41: 0.05 | N41: =+M41*N81 -> 2408.8304
B43: SUBTOTAL $ | N43: =SUM(N36:N42) -> 9589.8304
B45: II. MATERIALES
B47: DESCRIPCIÓN | J47: UNIDAD | K47: CANTIDAD | L47: PRECIO UNIT. | N47: Vr. UNITARIO
A48: B0053100 | B48: Agregado para concreto hidráulico | J48: m3 | K48: 0.504 | M48: 61752 | N48: =+K48*M48 -> 31123.008
A49: B0063200 | B49: Agua | J49: lt | K49: 111 | M49: 57 | N49: =+K49*M49 -> 6327
A50: B0014700 | B50: Piedra para concreto ciclópeo (rajón o canto rodado) | J50: m3 | K50: 0.4 | M50: 32312 | N50: =+K50*M50 -> 12924.8
A51: B0093350 | B51: Arena lavada | J51: m3 | K51: 0.378 | M51: 40416 | N51: =+K51*M51 -> 15277.248
A52: B0100001 | B52: Cemento gris | J52: kg | K52: 156 | M52: 501 | N52: =+K52*M52 -> 78156
N53: =+K53*M53 -> 0
B59: SUBTOTAL $ | N59: =SUM(N48:N58) -> 143808.06
B61: III. TRANSPORTES
B63: MATERIAL | H63: UNIDAD | I63: CANTIDAD (1) | J63: DISTANCIA (2) | K63: (1) * (2) | L63: TARIFA | N63: Vr. UNITARIO
A64: T0010004 | B64: Transporte de arena | H64: m3k | I64: 0.378 | J64: 20 | K64: 7.56 | L64: 1125 | N64: =+L64*K64 -> 8505
A65: T0010042 | B65: Transporte de material triturado | H65: m3k | I65: 0.504 | J65: 20 | K65: 10.08 | L65: 1125 | N65: =+L65*K65 -> 11340
A66: T0010091 | B66: Transporte de piedra para Ciclópeo | H66: m3k | I66: 0.4 | J66: 20 | K66: 8 | L66: 1125 | N66: =+L66*K66 -> 9000
N67: =+L67*K67 -> 0
N68: =+L68*K68 -> 0
B70: SUBTOTAL $ | N70: =SUM(N64:N69) -> 28845
B72: IV. MANO DE OBRA
B74: TRABAJADOR | I74: JORNAL | J74: PRESTACIONES (%) | K74: JORNAL TOTAL | L74: RENDIMIENTO | N74: Vr. UNITARIO
A75: A0030080 | B75: Obrero (8) | I75: 208331.28 | J75: 185 | K75: 385412.87 | M75: 10 | N75: =+K75/M75 -> 38541.287
A76: A0040010 | B76: Oficial | I76: 52082.82 | J76: 185 | K76: 96353.217 | M76: 10 | N76: =+K76/M76 -> 9635.3217
B81: SUBTOTAL $ | N81: =SUM(N75:N80) -> 48176.609
B83: TOTAL COSTO DIRECTO $ | N83: =+N81+N70+N59+N43 -> 230419.5
B85: V. COSTOS INDIRECTOS
B87: Descripción | K87: Porcentaje | L87: Valor Total
B88: ADMINISTRACION | K88: 0.2 | L88: =+K88*N83 -> 46083.899
B89: IMPREVISTOS | K89: 0.05 | L89: =+K89*N83 -> 11520.975
B90: UTILIDAD | K90: 0.05 | L90: =+K90*N83 -> 11520.975
B91: SUBTOTAL $ | N91: =SUM(L88:M90) -> 69125.849
A93: PFinal01 | B93: Precio Unitario Total Aproximado al Peso $ | N93: =+ROUND(N91+N83,0) -> 299545
E98: Firma
E99: Nombre:
E100: Representante Legal del Contratista o su Apoderado
E101: Matricula No. :
B103: OBSERVACIONES INTERVENTORÍA:
B109: APROBACIÓN POR INTERVENTORÍA
B110: Nota 1: Cuando se trate de Análisis de precios unitarios correspondientes a ítems de la propuesta económica aprobada, el Interventor aprueba el desglose de los componentes manteniendo el mismo precio unitario de cada ítem, cumpliendo con las especificaciones de construcción vigentes para el proyecto.
B112: Nota 2: Cuando se trate de Análisis de precios unitarios de ítems no previstos, el Interventor aprueba el desglose y precio unitario de cada ítem no previsto, exigiendo la aplicación de los costos correspondientes a insumos y tarifas de la propuesta económica inicial cuando estén contemplados, cumpliendo con las especificaciones de construcción vigente para el proyecto.
E118: Firma
E119: Nombre:
E120: Representante Legal del Interventor o su Apoderado
E121: Matricula No. :
B123: Original: Archivo de Gestión del Contrato (Subdirección Administrativa).
B124: Copias: Unidad Ejecutora, Contratista, Interventor y Dirección Territorial.

Sheet 640.1
K1: CÓDIGO | L1: MINFRA-MN-IN-10-FR-1
C2: INSTITUTO NACIONAL DE VIAS
C3: PROCESO GESTIÓN DE LA INFRAESTRUCTURA VIAL | K3: VERSIÓN | L3: 1
C4: MANUAL DE INTERVENTORÍA OBRA PÚBLICA
C5: ANÁLISIS DE PRECIOS UNITARIOS | K5: PÁGINA | M5: DE
K8: FECHA
L9: (Día) | M9: (Mes) | N9: (Año)
B10: ITEMS DE LA PROPUESTA ECONÓMICA | F10: □ | I10: ITEMS NO PREVISTOS | K10: □
B11: UNIDAD EJECUTORA: | D11: SUBDIRECCION RED NACIONAL DE CARRETERAS | J11: DIRECCIÓN TERRITORIAL: | K11: CASANARE
B14: CONTRATO No. | D14: DE
B15: OBJETO DEL CONTRATO:
B18: CARRETERA: | J18: SECTOR:
B20: CONTRATISTA:
B22: INTERVENTOR: | K22: CTO No.: | M22: DE
B24: FECHA CIERRE PROCESO DE SELECCIÓN CONTRATO DE OBRA:
F25: (Día) | I25: (Mes) | J25: (Año)
B27: DATOS ESPECÍFICOS
B29: ITEM | C29: DESCRIPCIÓN | K29: GRUPO DE AJUSTE | L29: UNIDAD | N29: CANTIDAD
B30: ITEM | C30: DESCRIPCIÓN | L30: UNIDAD | N30: CANTIDAD
A31: Unidad | B31: 640.1 | C31: Acero de Refuerzo Fy 4200 MPa. | K31: 4 | L31: kg | N31: =+'Pto. Obra'!I32 -> 212
B33: I. EQUIPO
B35: DESCRIPCIÓN | I35: TIPO | K35: TARIFA/HORA | L35: RENDIMIENTO | N35: Vr. UNITARIO
A36: C0010170 | B36: Cizalla manual de 90 cm. | K36: 1069 | M36: 37.5 | N36: =K36/M36 -> 28.506667
B41: HERRAMIENTA MENOR (%) | M41: 0.02 | N41: =N78*M41 -> 14.615
B43: SUBTOTAL $ | N43: =SUM(N36:N42) -> 43.121667
B45: II. MATERIALES
B47: DESCRIPCIÓN | J47: UNIDAD | K47: CANTIDAD | L47: PRECIO UNIT. | N47: Vr. UNITARIO
A48: B0020003 | B48: Acero PDR-60 | J48: kg | K48: 1.05 | L48: 3680 | N48: =K48*L48 -> 3864
A49: B026012 | B49: Alambre Negro Para Amarre | J49: kg | K49: 0.03 | L49: 4400 | N49: =K49*L49 -> 132
B56: SUBTOTAL $ | N56: =SUM(N48:N55) -> 3996
B58: III. TRANSPORTES
B60: MATERIAL | H60: UNIDAD | I60: CANTIDAD (1) | J60: DISTANCIA (2) | K60: (1) * (2) | L60: TARIFA | N60: Vr. UNITARIO
A61: T0010001 | B61: Transporte de acero | H61: kg/km | I61: 1.05 | J61: 30 | K61: =I61*J61 -> 31.5 | L61: 0.42420226 | N61: =K61*L61 -> 13.362371
B67: SUBTOTAL $ | N67: =N61+N62+N63+N64+N65 -> 13.362371
B69: IV. MANO DE OBRA
B71: TRABAJADOR | I71: JORNAL | J71: PRESTACIONES (%) | K71: JORNAL TOTAL | L71: RENDIMIENTO | N71: Vr. UNITARIO
A72: A0030010 | B72: Obrero | I72: =28000 -> 28000 | J72: 185 | K72: =J72/100*I72 -> 51800 | M72: 200 | N72: =K72/M72 -> 259
A73: A0040010 | B73: Oficial | I73: 51000 | J73: 185 | K73: =J73/100*I73 -> 94350 | M73: 200 | N73: =K73/M73 -> 471.75
B78: SUBTOTAL $ | N78: =SUM(N72:N77) -> 730.75
B80: TOTAL COSTO DIRECTO $ | N80: =N43+N56+N67+N78 -> 4783.234
B82: V. COSTOS INDIRECTOS
B84: Descripción | K84: Porcentaje | L84: Valor Total
B85: ADMINISTRACION | K85: 0.2 | L85: =N80*K85 -> 956.64681
B86: IMPREVISTOS | K86: 0.05 | L86: =N80*K86 -> 239.1617
B87: UTILIDAD | K87: 0.05 | L87: =N80*K87 -> 239.1617
B88: SUBTOTAL $ | N88: =L85+L86+L87 -> 1434.9702
A90: PFinal01 | B90: Precio Unitario Total Aproximado al Peso $ | N90: =ROUND(N80+N88,0) -> 6218
E95: Firma
E96: Nombre:
E97: Representante Legal del Contratista o su Apoderado
E98: Matricula No. :
B100: OBSERVACIONES INTERVENTORÍA:
B106: APROBACIÓN POR INTERVENTORÍA
B107: Nota 1: Cuando se trate de Análisis de precios unitarios correspondientes a ítems de la propuesta económica aprobada, el Interventor aprueba el desglose de los componentes manteniendo el mismo precio unitario de cada ítem, cumpliendo con las especificaciones de construcción vigentes para el proyecto.
B109: Nota 2: Cuando se trate de Análisis de precios unitarios de ítems no previstos, el Interventor aprueba el desglose y precio unitario de cada ítem no previsto, exigiendo la aplicación de los costos correspondientes a insumos y tarifas de la propuesta económica inicial cuando estén contemplados, cumpliendo con las especificaciones de construcción vigente para el proyecto.
E115: Firma
E116: Nombre:
E117: Representante Legal del Interventor o su Apoderado
E118: Matricula No. :
B120: Original: Archivo de Gestión del Contrato (Subdirección Administrativa).
B121: Copias: Unidad Ejecutora, Contratista, Interventor y Dirección Territorial.

Sheet 661.1
K1: CÓDIGO | L1: MINFRA-MN-IN-10-FR-1
C2: INSTITUTO NACIONAL DE VIAS
C3: PROCESO GESTIÓN DE LA INFRAESTRUCTURA VIAL | K3: VERSIÓN | L3: 1
C4: MANUAL DE INTERVENTORÍA OBRA PÚBLICA
C5: ANÁLISIS DE PRECIOS UNITARIOS | K5: PÁGINA | M5: DE
K8: FECHA
L9: (Día) | M9: (Mes) | N9: (Año)
B10: ITEMS DE LA PROPUESTA ECONÓMICA | F10: □ | I10: ITEMS NO PREVISTOS | K10: □
B11: UNIDAD EJECUTORA: | D11: SUBDIRECCION RED NACIONAL DE CARRETERAS | J11: DIRECCIÓN TERRITORIAL: | K11: CASANARE
B14: CONTRATO No. | D14: DE
B15: OBJETO DEL CONTRATO:
B18: CARRETERA: | J18: SECTOR:
B20: CONTRATISTA:
B22: INTERVENTOR: | K22: CTO No.: | M22: DE
B24: FECHA CIERRE PROCESO DE SELECCIÓN CONTRATO DE OBRA:
F25: (Día) | I25: (Mes) | J25: (Año)
B27: DATOS ESPECÍFICOS
B29: ITEM | C29: DESCRIPCIÓN | K29: GRUPO DE AJUSTE | L29: UNIDAD | N29: CANTIDAD
B30: ITEM | C30: DESCRIPCIÓN | L30: UNIDAD | N30: CANTIDAD
A31: Unidad | B31: 661.1 | C31: Tubería de Concreto Reforzado 21 Mpa de 900 mm de diametro interior | K31: 6 | L31: m | N31: =+'Pto. Obra'!I33 -> 24
B33: I. EQUIPO
B35: DESCRIPCIÓN | I35: TIPO | K35: TARIFA/HORA | L35: RENDIMIENTO | N35: Vr. UNITARIO
A36: C0010780 | B36: Retroexcavadora A25C | K36: 187253.23 | M36: 3 | N36: =K36/M36 -> 62417.745
B41: HERRAMIENTA MENOR (%) | M41: 0.1 | N41: =N75*M41 -> 1256.4583
B43: SUBTOTAL $ | N43: =SUM(N36:N42) -> 63674.203
B45: II. MATERIALES
B47: DESCRIPCIÓN | J47: UNIDAD | K47: CANTIDAD | L47: PRECIO UNIT. | N47: Vr. UNITARIO
A48: B0014236 | B48: Mortero 1:3 Para Anillos | J48: m3 | K48: 0.02 | M48: 248424 | N48: =K48*M48 -> 4968.48
A49: B0014402 | B49: Material para solado y atraque | J49: m3 | K49: 0.46 | M49: 33710 | N49: =K49*M49 -> 15506.6
A50: B0015240 | B50: Tubo concreto reforzado 900mm (tipo 1) | J50: m | K50: 1 | M50: 253015 | N50: =K50*M50 -> 253015
B53: SUBTOTAL $ | N53: =SUM(N48:N52) -> 273490.08
B55: III. TRANSPORTES
B57: MATERIAL | H57: UNIDAD | I57: CANTIDAD (1) | J57: DISTANCIA (2) | K57: (1) * (2) | L57: TARIFA | N57: Vr. UNITARIO
A58: T0010115 | B58: Transporte de Tubería de Concreto Reforzado | H58: kgk | I58: 0.28 | J58: 35 | K58: =I58*J58 -> 9.8 | L58: 2.8663284 | N58: =K58*L58 -> 28.090018
A59: T0010141 | B59: Transporte de Material de Solado y Atraque Tubería de Concreto Reforzado | H59: m3k | I59: 0.46 | J59: 35 | K59: =I59*J59 -> 16.1 | L59: 1109.9091 | N59: =K59*L59 -> 17869.536
B64: SUBTOTAL $ | N64: =N58+N59+N60+N61+N62 -> 17897.626
B66: IV. MANO DE OBRA
B68: TRABAJADOR | I68: JORNAL | J68: PRESTACIONES (%) | K68: JORNAL TOTAL | L68: RENDIMIENTO | N68: Vr. UNITARIO
A69: A0030040 | B69: Obrero (4) | I69: =28000*4 -> 112000 | J69: 185 | K69: =J69/100*I69 -> 207200 | M69: 24 | N69: =K69/M69 -> 8633.3333
A70: A0040010 | B70: Oficial | I70: 51000 | J70: 185 | K70: =J70/100*I70 -> 94350 | M70: 24 | N70: =K70/M70 -> 3931.25
B75: SUBTOTAL $ | N75: =SUM(N69:N74) -> 12564.583
B77: TOTAL COSTO DIRECTO $ | N77: =N43+N53+N64+N75 -> 367626.49
B79: V. COSTOS INDIRECTOS
B81: Descripción | K81: Porcentaje | L81: Valor Total
B82: ADMINISTRACION | K82: 0.2 | L82: =N77*K82 -> 73525.299
B83: IMPREVISTOS | K83: 0.05 | L83: =N77*K83 -> 18381.325
B84: UTILIDAD | K84: 0.05 | L84: =N77*K84 -> 18381.325
B85: SUBTOTAL $ | N85: =L82+L83+L84 -> 110287.95
A87: PFinal01 | B87: Precio Unitario Total Aproximado al Peso $ | N87: =ROUND(N77+N85,0) -> 477914
E92: Firma
E93: Nombre:
E94: Representante Legal del Contratista o su Apoderado
E95: Matricula No. :
B97: OBSERVACIONES INTERVENTORÍA:
B103: APROBACIÓN POR INTERVENTORÍA
B104: Nota 1: Cuando se trate de Análisis de precios unitarios correspondientes a ítems de la propuesta económica aprobada, el Interventor aprueba el desglose de los componentes manteniendo el mismo precio unitario de cada ítem, cumpliendo con las especificaciones de construcción vigentes para el proyecto.
B106: Nota 2: Cuando se trate de Análisis de precios unitarios de ítems no previstos, el Interventor aprueba el desglose y precio unitario de cada ítem no previsto, exigiendo la aplicación de los costos correspondientes a insumos y tarifas de la propuesta económica inicial cuando estén contemplados, cumpliendo con las especificaciones de construcción vigente para el proyecto.
E112: Firma
E113: Nombre:
E114: Representante Legal del Interventor o su Apoderado
E115: Matricula No. :
B117: Original: Archivo de Gestión del Contrato (Subdirección Administrativa).
B118: Copias: Unidad Ejecutora, Contratista, Interventor y Dirección Territorial.

Sheet 671.1
K1: CÓDIGO | L1: MINFRA-MN-IN-10-FR-1
C2: INSTITUTO NACIONAL DE VIAS
C3: PROCESO GESTIÓN DE LA INFRAESTRUCTURA VIAL | K3: VERSIÓN | L3: 1
C4: MANUAL DE INTERVENTORÍA OBRA PÚBLICA
C5: ANÁLISIS DE PRECIOS UNITARIOS | K5: PÁGINA | M5: DE
K8: FECHA
L9: (Día) | M9: (Mes) | N9: (Año)
B10: ITEMS DE LA PROPUESTA ECONÓMICA | F10: □ | I10: ITEMS NO PREVISTOS | K10: □
B11: UNIDAD EJECUTORA: | D11: SUBDIRECCION RED NACIONAL DE CARRETERAS | J11: DIRECCIÓN TERRITORIAL: | K11: CASANARE
B14: CONTRATO No. | D14: DE
B15: OBJETO DEL CONTRATO:
B18: CARRETERA: | J18: SECTOR:
B20: CONTRATISTA:
B22: INTERVENTOR: | K22: CTO No.: | M22: DE
B24: FECHA CIERRE PROCESO DE SELECCIÓN CONTRATO DE OBRA:
F25: (Día) | I25: (Mes) | J25: (Año)
B27: DATOS ESPECÍFICOS
B29: ITEM | C29: DESCRIPCIÓN | K29: GRUPO DE AJUSTE | L29: UNIDAD | N29: CANTIDAD
B30: ITEM | C30: DESCRIPCIÓN | L30: UNIDAD | N30: CANTIDAD
A31: Unidad | B31: 671.1 | C31: Cuneta de Concreto Vaciada In Situ; no incluye la conformacion de la superficie de apoyo | K31: 6 | L31: m3
B33: I. EQUIPO
B35: DESCRIPCIÓN | I35: TIPO | K35: TARIFA/HORA | L35: RENDIMIENTO | N35: Vr. UNITARIO
B41: HERRAMIENTA MENOR (%) | M41: 0.05 | N41: =N77*M41 -> 1248.75
B43: SUBTOTAL $ | N43: =SUM(N36:N42) -> 1248.75
B45: II. MATERIALES
B47: DESCRIPCIÓN | J47: UNIDAD | K47: CANTIDAD | L47: PRECIO UNIT. | N47: Vr. UNITARIO
A48: B0103490 | B48: Cemento Asfaltico 60-70 | J48: kg | K48: 0.5 | M48: 1781.3275 | N48: =K48*M48 -> 890.66373
A49: B0123660 | B49: Concreto Resistencia 14 (Mpa) | J49: m3 | K49: 1.01 | M49: 369828 | N49: =K49*M49 -> 373526.28
A50: B021001 | B50: Formaleta (gaviones, juntas de bordillos, juntas de cunetas, muros, concretos clase D,E, F y G) | J50: m2 | K50: 0.3 | M50: 6095.7368 | N50: =K50*M50 -> 1828.721
B55: SUBTOTAL $ | N55: =SUM(N48:N54) -> 376245.66
B57: III. TRANSPORTES
B59: MATERIAL | H59: UNIDAD | I59: CANTIDAD (1) | J59: DISTANCIA (2) | K59: (1) * (2) | L59: TARIFA | N59: Vr. UNITARIO
A60: T0010009 | B60: Transporte de concreto | H60: m3k | I60: 1.01 | J60: 35 | K60: =I60*J60 -> 35.35 | L60: 1109.9091 | N60: =K60*L60 -> 39235.286
B66: SUBTOTAL $ | N66: =N60+N61+N62+N63+N64 -> 39235.286
B68: IV. MANO DE OBRA
B70: TRABAJADOR | I70: JORNAL | J70: PRESTACIONES (%) | K70: JORNAL TOTAL | L70: RENDIMIENTO | N70: Vr. UNITARIO
A71: A0030030 | B71: Obrero (3) | I71: =28000*3 -> 84000 | J71: 185 | K71: =J71/100*I71 -> 155400 | M71: 10 | N71: =K71/M71 -> 15540
A72: A0040010 | B72: Oficial | I72: 51000 | J72: 185 | K72: =J72/100*I72 -> 94350 | M72: 10 | N72: =K72/M72 -> 9435
B77: SUBTOTAL $ | N77: =SUM(N71:N76) -> 24975
B79: TOTAL COSTO DIRECTO $ | N79: =N43+N55+N66+N77 -> 441704.7
B81: V. COSTOS INDIRECTOS
B83: Descripción | K83: Porcentaje | L83: Valor Total
B84: ADMINISTRACION | K84: 0.2 | L84: =N79*K84 -> 88340.94
B85: IMPREVISTOS | K85: 0.05 | L85: =N79*K85 -> 22085.235
B86: UTILIDAD | K86: 0.05 | L86: =N79*K86 -> 22085.235
B87: SUBTOTAL $ | N87: =L84+L85+L86 -> 132511.41
A89: PFinal01 | B89: Precio Unitario Total Aproximado al Peso $ | N89: =ROUND(N79+N87,0) -> 574216
E94: Firma
E95: Nombre:
E96: Representante Legal del Contratista o su Apoderado
E97: Matricula No. :
B99: OBSERVACIONES INTERVENTORÍA:
B105: APROBACIÓN POR INTERVENTORÍA
B106: Nota 1: Cuando se trate de Análisis de precios unitarios correspondientes a ítems de la propuesta económica aprobada, el Interventor aprueba el desglose de los componentes manteniendo el mismo precio unitario de cada ítem, cumpliendo con las especificaciones de construcción vigentes para el proyecto.
B108: Nota 2: Cuando se trate de Análisis de precios unitarios de ítems no previstos, el Interventor aprueba el desglose y precio unitario de cada ítem no previsto, exigiendo la aplicación de los costos correspondientes a insumos y tarifas de la propuesta económica inicial cuando estén contemplados, cumpliendo con las especificaciones de construcción vigente para el proyecto.
E114: Firma
E115: Nombre:
E116: Representante Legal del Interventor o su Apoderado
E117: Matricula No. :
B119: Original: Archivo de Gestión del Contrato (Subdirección Administrativa).
B120: Copias: Unidad Ejecutora, Contratista, Interventor y Dirección Territorial.

Sheet 673.1.1
K1: CÓDIGO | L1: MINFRA-MN-IN-10-FR-1
C2: INSTITUTO NACIONAL DE VIAS
C3: PROCESO GESTIÓN DE LA INFRAESTRUCTURA VIAL | K3: VERSIÓN | L3: 1
C4: MANUAL DE INTERVENTORÍA OBRA PÚBLICA
C5: ANÁLISIS DE PRECIOS UNITARIOS | K5: PÁGINA | M5: DE
K8: FECHA
L9: (Día) | M9: (Mes) | N9: (Año)
B10: ITEMS DE LA PROPUESTA ECONÓMICA | F10: □ | I10: ITEMS NO PREVISTOS | K10: □
B11: UNIDAD EJECUTORA: | D11: SUBDIRECCION RED NACIONAL DE CARRETERAS | J11: DIRECCIÓN TERRITORIAL: | K11: CASANARE
B14: CONTRATO No. | D14: DE
B15: OBJETO DEL CONTRATO:
B18: CARRETERA: | J18: SECTOR:
B20: CONTRATISTA:
B22: INTERVENTOR: | K22: CTO No.: | M22: DE
B24: FECHA CIERRE PROCESO DE SELECCIÓN CONTRATO DE OBRA:
F25: (Día) | I25: (Mes) | J25: (Año)
B27: DATOS ESPECÍFICOS
B29: ITEM | C29: DESCRIPCIÓN | K29: GRUPO DE AJUSTE | L29: UNIDAD | N29: CANTIDAD
B30: ITEM | C30: DESCRIPCIÓN | L30: UNIDAD | N30: CANTIDAD
A31: Unidad | B31: 673.1.1 | C31: Geotextil Tipo NT-2500 o similar no tejido | K31: 8 | L31: m2 | N31: =#REF! -> #REF!
B33: I. EQUIPO
B35: DESCRIPCIÓN | I35: TIPO | K35: TARIFA/HORA | L35: RENDIMIENTO | N35: Vr. UNITARIO
B41: HERRAMIENTA MENOR (%) | M41: 0.05 | N41: =N75*M41 -> 21.583333
B43: SUBTOTAL $ | N43: =SUM(N36:N42) -> 21.583333
B45: II. MATERIALES
B47: DESCRIPCIÓN | J47: UNIDAD | K47: CANTIDAD | L47: PRECIO UNIT. | N47: Vr. UNITARIO
A48: B025005 | B48: Geotextil Nt-2500 O Similar (Proveedores, Pavco, Geomatrix, Tensar, Omnes U Otros) | J48: m2 | K48: 1.1 | M48: 5603 | N48: =K48*M48 -> 6163.3
B53: SUBTOTAL $ | N53: =SUM(N48:N52) -> 6163.3
B55: III. TRANSPORTES
B57: MATERIAL | H57: UNIDAD | I57: CANTIDAD (1) | J57: DISTANCIA (2) | K57: (1) * (2) | L57: TARIFA | N57: Vr. UNITARIO
B64: SUBTOTAL $
B66: IV. MANO DE OBRA
B68: TRABAJADOR | I68: JORNAL | J68: PRESTACIONES (%) | K68: JORNAL TOTAL | L68: RENDIMIENTO | N68: Vr. UNITARIO
A69: A0030020 | B69: Obrero (2) | I69: =28000*2 -> 56000 | J69: 185 | K69: =J69/100*I69 -> 103600 | M69: 240 | N69: =K69/M69 -> 431.66667
B75: SUBTOTAL $ | N75: =SUM(N69:N74) -> 431.66667
B77: TOTAL COSTO DIRECTO $ | N77: =N43+N53+N64+N75 -> 6616.55
B79: V. COSTOS INDIRECTOS
B81: Descripción | K81: Porcentaje | L81: Valor Total
B82: ADMINISTRACION | K82: 0.2 | L82: =N77*K82 -> 1323.31
B83: IMPREVISTOS | K83: 0.05 | L83: =N77*K83 -> 330.8275
B84: UTILIDAD | K84: 0.05 | L84: =N77*K84 -> 330.8275
B85: SUBTOTAL $ | N85: =L82+L83+L84 -> 1984.965
A87: PFinal01 | B87: Precio Unitario Total Aproximado al Peso $ | N87: =ROUND(N77+N85,0) -> 8602
E92: Firma
E93: Nombre:
E94: Representante Legal del Contratista o su Apoderado
E95: Matricula No. :
B97: OBSERVACIONES INTERVENTORÍA:
B103: APROBACIÓN POR INTERVENTORÍA
B104: Nota 1: Cuando se trate de Análisis de precios unitarios correspondientes a ítems de la propuesta económica aprobada, el Interventor aprueba el desglose de los componentes manteniendo el mismo precio unitario de cada ítem, cumpliendo con las especificaciones de construcción vigentes para el proyecto.
B106: Nota 2: Cuando se trate de Análisis de precios unitarios de ítems no previstos, el Interventor aprueba el desglose y precio unitario de cada ítem no previsto, exigiendo la aplicación de los costos correspondientes a insumos y tarifas de la propuesta económica inicial cuando estén contemplados, cumpliendo con las especificaciones de construcción vigente para el proyecto.
E112: Firma
E113: Nombre:
E114: Representante Legal del Interventor o su Apoderado
E115: Matricula No. :
B117: Original: Archivo de Gestión del Contrato (Subdirección Administrativa).
B118: Copias: Unidad Ejecutora, Contratista, Interventor y Dirección Territorial.

Sheet 681.1
K1: CÓDIGO | L1: MINFRA-MN-IN-10-FR-1
C2: INSTITUTO NACIONAL DE VIAS
C3: PROCESO GESTIÓN DE LA INFRAESTRUCTURA VIAL | K3: VERSIÓN | L3: 1
C4: MANUAL DE INTERVENTORÍA OBRA PÚBLICA
C5: ANÁLISIS DE PRECIOS UNITARIOS | K5: PÁGINA | M5: DE
K8: FECHA
L9: (Día) | M9: (Mes) | N9: (Año)
B10: ITEMS DE LA PROPUESTA ECONÓMICA | F10: □ | I10: ITEMS NO PREVISTOS | K10: □
B11: UNIDAD EJECUTORA: | D11: SUBDIRECCION RED NACIONAL DE CARRETERAS | J11: DIRECCIÓN TERRITORIAL: | K11: CASANARE
B14: CONTRATO No. | D14: DE
B15: OBJETO DEL CONTRATO:
B18: CARRETERA: | J18: SECTOR:
B20: CONTRATISTA:
B22: INTERVENTOR: | K22: CTO No.: | M22: DE
B24: FECHA CIERRE PROCESO DE SELECCIÓN CONTRATO DE OBRA:
F25: (Día) | I25: (Mes) | J25: (Año)
B27: DATOS ESPECÍFICOS
B29: ITEM | C29: DESCRIPCIÓN | K29: GRUPO DE AJUSTE | L29: UNIDAD | N29: CANTIDAD
B30: ITEM | C30: DESCRIPCIÓN | L30: UNIDAD | N30: CANTIDAD
A31: Unidad | B31: 681.1 | C31: Gaviónes de Malla de Alambre de Acero Entrelazado Clase 1; recubrimiento de Zinc (galvanizado) | K31: 6 | L31: m3 | N31: =#REF! -> #REF!
B33: I. EQUIPO
B35: DESCRIPCIÓN | I35: TIPO | K35: TARIFA/HORA | L35: RENDIMIENTO | N35: Vr. UNITARIO
B41: HERRAMIENTA MENOR (%) | M41: 0.05 | N41: =N77*M41 -> 753.875
B43: SUBTOTAL $ | N43: =SUM(N36:N41) -> 753.875
B45: II. MATERIALES
B47: DESCRIPCIÓN | J47: UNIDAD | K47: CANTIDAD | L47: PRECIO UNIT. | N47: Vr. UNITARIO
A48: B0014710 | B48: Piedra para gavión | J48: m3 | K48: 1.1 | M48: 37270.337 | N48: =K48*M48 -> 40997.37
A49: B0073220 | B49: Alambre galvanizado No. 12 | J49: kg | K49: 1.15 | M49: 5040 | N49: =K49*M49 -> 5796
A50: B021001 | B50: Formaleta (gaviones, juntas de bordillos, juntas de cunetas, muros, concretos clase D,E, F y G) | J50: m2 | K50: 2 | M50: 6095.7368 | N50: =K50*M50 -> 12191.474
A51: B033002 | B51: Malla para gaviones (2M3) | J51: u | K51: 0.5 | M51: 101266 | N51: =K51*M51 -> 50633
B55: SUBTOTAL $ | N55: =SUM(N48:N54) -> 109617.84
B57: III. TRANSPORTES
B59: MATERIAL | H59: UNIDAD | I59: CANTIDAD (1) | J59: DISTANCIA (2) | K59: (1) * (2) | L59: TARIFA | N59: Vr. UNITARIO
A60: T0010094 | B60: Transporte de piedra para gaviones | H60: m3/km | I60: 1.1 | J60: 35 | K60: =I60*J60 -> 38.5 | L60: 1109.9091 | N60: =K60*L60 -> 42731.5
B66: SUBTOTAL $ | N66: =N60+N61+N62+N63+N64 -> 42731.5
B68: IV. MANO DE OBRA
B70: TRABAJADOR | I70: JORNAL | J70: PRESTACIONES (%) | K70: JORNAL TOTAL | L70: RENDIMIENTO | N70: Vr. UNITARIO
A71: A0030040 | B71: Obrero (4) | I71: =28000*4 -> 112000 | J71: 185 | K71: =J71/100*I71 -> 207200 | M71: 20 | N71: =K71/M71 -> 10360
A72: A0040010 | B72: Oficial | I72: 51000 | J72: 185 | K72: =J72/100*I72 -> 94350 | M72: 20 | N72: =K72/M72 -> 4717.5
B77: SUBTOTAL $ | N77: =SUM(N71:N76) -> 15077.5
B79: TOTAL COSTO DIRECTO $ | N79: =N43+N55+N66+N77 -> 168180.72
B81: V. COSTOS INDIRECTOS
B83: Descripción | K83: Porcentaje | L83: Valor Total
B84: ADMINISTRACION | K84: 0.2 | L84: =N79*K84 -> 33636.144
B85: IMPREVISTOS | K85: 0.05 | L85: =N79*K85 -> 8409.0359
B86: UTILIDAD | K86: 0.05 | L86: =N79*K86 -> 8409.0359
B87: SUBTOTAL $ | N87: =L84+L85+L86 -> 50454.216
A89: PFinal01 | B89: Precio Unitario Total Aproximado al Peso $ | N89: =ROUND(N79+N87,0) -> 218635
E94: Firma
E95: Nombre:
E96: Representante Legal del Contratista o su Apoderado
E97: Matricula No. :
B99: OBSERVACIONES INTERVENTORÍA:
B105: APROBACIÓN POR INTERVENTORÍA
B106: Nota 1: Cuando se trate de Análisis de precios unitarios correspondientes a ítems de la propuesta económica aprobada, el Interventor aprueba el desglose de los componentes manteniendo el mismo precio unitario de cada ítem, cumpliendo con las especificaciones de construcción vigentes para el proyecto.
B108: Nota 2: Cuando se trate de Análisis de precios unitarios de ítems no previstos, el Interventor aprueba el desglose y precio unitario de cada ítem no previsto, exigiendo la aplicación de los costos correspondientes a insumos y tarifas de la propuesta económica inicial cuando estén contemplados, cumpliendo con las especificaciones de construcción vigente para el proyecto.
E114: Firma
E115: Nombre:
E116: Representante Legal del Interventor o su Apoderado
E117: Matricula No. :
B119: Original: Archivo de Gestión del Contrato (Subdirección Administrativa).
B120: Copias: Unidad Ejecutora, Contratista, Interventor y Dirección Territorial.

Sheet 630,6P
K1: CÓDIGO | L1: MINFRA-MN-IN-10-FR-1
C2: INSTITUTO NACIONAL DE VIAS
C3: PROCESO GESTIÓN DE LA INFRAESTRUCTURA VIAL | K3: VERSIÓN | L3: 1
C4: MANUAL DE INTERVENTORÍA OBRA PÚBLICA
C5: ANÁLISIS DE PRECIOS UNITARIOS | K5: PÁGINA | M5: DE
K8: FECHA
L9: (Día) | M9: (Mes) | N9: (Año)
B10: ITEMS DE LA PROPUESTA ECONÓMICA | F10: □ | I10: ITEMS NO PREVISTOS | K10: □
B11: UNIDAD EJECUTORA: | J11: DIRECCIÓN TERRITORIAL:
B14: CONTRATO No. | D14: DE
B15: OBJETO DEL CONTRATO:
B18: CARRETERA: | J18: SECTOR:
B20: CONTRATISTA:
B22: INTERVENTOR: | K22: CTO No.: | M22: DE
B24: FECHA CIERRE PROCESO DE SELECCIÓN CONTRATO DE OBRA:
F25: (Día) | I25: (Mes) | J25: (Año)
B27: DATOS ESPECÍFICOS
B29: ITEM | C29: DESCRIPCIÓN | K29: GRUPO DE AJUSTE | L29: UNIDAD | N29: CANTIDAD
B30: ITEM | C30: DESCRIPCIÓN | L30: UNIDAD | N30: CANTIDAD
A31: Unidad | B31: 630.6P | C31: SUMINISTRO E INSTALACION DE BOLSACRETO | L31: m3 | N31: =+#REF! -> #REF!
B33: I. EQUIPO
B35: DESCRIPCIÓN | I35: TIPO | K35: TARIFA/HORA | L35: RENDIMIENTO | N35: Vr. UNITARIO
A36: C0010030 | B36: =VLOOKUP(A36,[30]EQUIPOS!A6:D154,3,FALSE) -> Bomba de concreto, Producción: 30 m3/h, POTENCIA: 67 HP, MAX PRESION DE CONCRETO: 1150 PSI | K36: 58865 | M36: 24 | N36: =K36/M36 -> 2452.7083
B49: HERRAMIENTA MENOR (%) | M49: 0.1 | N49: =N82*M49 -> 1688.125
B51: SUBTOTAL $ | N51: =SUM(N36:N50) -> 4140.8333
B53: II. MATERIALES
B55: DESCRIPCIÓN | J55: UNIDAD | K55: CANTIDAD | L55: PRECIO UNIT. | N55: Vr. UNITARIO
A56: B0013430 | B56: =VLOOKUP(A56,[30]MATERIALES!A5:D373,3,FALSE) -> Bolsacreto de 1m3 | J56: =VLOOKUP(A56,[30]MATERIALES!A10:D648,2,FALSE) -> m3 | K56: 1 | M56: 29295 | N56: =K56*M56 -> 29295
A57: B0123660 | B57: =VLOOKUP(A57,[30]MATERIALES!A6:D373,3,FALSE) -> Concreto Resistencia 14 (Mpa) | J57: =VLOOKUP(A57,[30]MATERIALES!A11:D649,2,FALSE) -> m3 | K57: 1.05 | M57: =+'630.6'!N83 -> 329303.7 | N57: =K57*M57 -> 345768.88
B59: Acero A-36 | J59: kg | K59: 2 | M59: 3706 | N59: =K59*M59 -> 7412
B61: SUBTOTAL $ | N61: =SUM(N56:N60) -> 382475.88
B63: III. TRANSPORTES
B65: MATERIAL | H65: UNIDAD | I65: CANTIDAD (1) | J65: DISTANCIA (2) | K65: (1) * (2) | L65: TARIFA | N65: Vr. UNITARIO
H66: m3km
B71: SUBTOTAL $ | N71: =N66+N67+N68+N69 -> 0
B73: IV. MANO DE OBRA
B75: TRABAJADOR | I75: JORNAL | J75: PRESTACIONES (%) | K75: JORNAL TOTAL | L75: RENDIMIENTO | N75: Vr. UNITARIO
B76: Obrero (6) | I76: =28000*6 -> 168000 | J76: 185 | K76: =+J76*I76/100 -> 310800 | M76: 24 | N76: =K76/M76 -> 12950
A77: A0040010 | B77: =VLOOKUP(A77,'[30]MANO DE OBRA'!A8:D69,3,FALSE) -> Oficial | I77: 51000 | J77: 185 | K77: =+J77*I77/100 -> 94350 | M77: 24 | N77: =K77/M77 -> 3931.25
B82: SUBTOTAL $ | N82: =SUM(N76:N81) -> 16881.25
B84: TOTAL COSTO DIRECTO $ | N84: =N51+N61+N71+N82 -> 403497.97
B86: V. COSTOS INDIRECTOS
B88: Descripción | K88: Porcentaje | L88: Valor Total
B89: ADMINISTRACION | K89: 0.2 | L89: =N84*K89 -> 80699.593
B90: IMPREVISTOS | K90: 0.05 | L90: =N84*K90 -> 20174.898
B91: UTILIDAD | K91: 0.05 | L91: =N84*K91 -> 20174.898
B92: SUBTOTAL $ | N92: =L89+L90+L91 -> 121049.39
A94: PFinal01 | B94: Precio Unitario Total Aproximado al Peso $ | N94: =N84+N92 -> 524547.36
E99: Firma
E100: Nombre:
E101: Representante Legal del Contratista o su Apoderado
E102: Matricula No. :
B104: OBSERVACIONES INTERVENTORÍA:
B110: APROBACIÓN POR INTERVENTORÍA
B111: Nota 1: Cuando se trate de Análisis de precios unitarios correspondientes a ítems de la propuesta económica aprobada, el Interventor aprueba el desglose de los componentes manteniendo el mismo precio unitario de cada ítem, cumpliendo con las especificaciones de construcción vigentes para el proyecto.
B113: Nota 2: Cuando se trate de Análisis de precios unitarios de ítems no previstos, el Interventor aprueba el desglose y precio unitario de cada ítem no previsto, exigiendo la aplicación de los costos correspondientes a insumos y tarifas de la propuesta económica inicial cuando estén contemplados, cumpliendo con las especificaciones de construcción vigente para el proyecto.
E119: Firma
E120: Nombre:
E121: Representante Legal del Interventor o su Apoderado
E122: Matricula No. :
B124: Original: Archivo de Gestión del Contrato (Subdirección Administrativa).
B125: Copias: Unidad Ejecutora, Contratista, Interventor y Dirección Territorial.

Sheet 900.2
K1: CÓDIGO | L1: MINFRA-MN-IN-10-FR-1
C2: INSTITUTO NACIONAL DE VIAS
C3: PROCESO GESTIÓN DE LA INFRAESTRUCTURA VIAL | K3: VERSIÓN | L3: 1
C4: MANUAL DE INTERVENTORÍA OBRA PÚBLICA
C5: ANÁLISIS DE PRECIOS UNITARIOS | K5: PÁGINA | M5: DE
K8: FECHA
L9: (Día) | M9: (Mes) | N9: (Año)
B10: ITEMS DE LA PROPUESTA ECONÓMICA | F10: □ | I10: ITEMS NO PREVISTOS | K10: □
B11: UNIDAD EJECUTORA: | D11: SUBDIRECCION RED NACIONAL DE CARRETERAS | J11: DIRECCIÓN TERRITORIAL: | K11: CASANARE
B14: CONTRATO No. | D14: DE
B15: OBJETO DEL CONTRATO:
B18: CARRETERA: | J18: SECTOR:
B20: CONTRATISTA:
B22: INTERVENTOR: | K22: CTO No.: | M22: DE
B24: FECHA CIERRE PROCESO DE SELECCIÓN CONTRATO DE OBRA:
F25: (Día) | I25: (Mes) | J25: (Año)
B27: DATOS ESPECÍFICOS
B29: ITEM | C29: DESCRIPCIÓN | K29: GRUPO DE AJUSTE | L29: UNIDAD | N29: CANTIDAD
B30: ITEM | C30: DESCRIPCIÓN | L30: UNIDAD | N30: CANTIDAD
A31: Unidad | B31: 900.2 | C31: Transporte de Materiales Provenientes de la Excavación de la Explanación, Canales y Préstamos para distancias mayores de mil metros (1.000 m) Medidos a partir de cien metros (100 m). | K31: 3 | L31: m3/km | N31: =#REF! -> #REF!
B33: I. EQUIPO
B35: DESCRIPCIÓN | I35: TIPO | K35: TARIFA/HORA | L35: RENDIMIENTO | N35: Vr. UNITARIO
A36: C0010960 | B36: Volqueta 6 m3 | K36: 73254 | M36: 66 | N36: =K36/M36 -> 1109.9091
B43: SUBTOTAL $ | N43: =SUM(N36:N42) -> 1109.9091
B45: II. MATERIALES
B47: DESCRIPCIÓN | J47: UNIDAD | K47: CANTIDAD | L47: PRECIO UNIT. | N47: Vr. UNITARIO
B54: SUBTOTAL $
B56: III. TRANSPORTES
B58: MATERIAL | H58: UNIDAD | I58: CANTIDAD (1) | J58: DISTANCIA (2) | K58: (1) * (2) | L58: TARIFA | N58: Vr. UNITARIO
B65: SUBTOTAL $
B67: IV. MANO DE OBRA
B69: TRABAJADOR | I69: JORNAL | J69: PRESTACIONES (%) | K69: JORNAL TOTAL | L69: RENDIMIENTO | N69: Vr. UNITARIO
B76: SUBTOTAL $
B78: TOTAL COSTO DIRECTO $ | N78: =N43+N54+N65+N76 -> 1109.9091
B80: V. COSTOS INDIRECTOS
B82: Descripción | K82: Porcentaje | L82: Valor Total
B83: ADMINISTRACION | K83: 0.2 | L83: =N78*K83 -> 221.98182
B84: IMPREVISTOS | K84: 0.05 | L84: =N78*K84 -> 55.495455
B85: UTILIDAD | K85: 0.05 | L85: =N78*K85 -> 55.495455
B86: SUBTOTAL $ | N86: =L83+L84+L85 -> 332.97273
A88: PFinal01 | B88: Precio Unitario Total Aproximado al Peso $ | N88: =ROUND(N78+N86,0) -> 1443
E93: Firma
E94: Nombre:
E95: Representante Legal del Contratista o su Apoderado
E96: Matricula No. :
B98: OBSERVACIONES INTERVENTORÍA:
B104: APROBACIÓN POR INTERVENTORÍA
B105: Nota 1: Cuando se trate de Análisis de precios unitarios correspondientes a ítems de la propuesta económica aprobada, el Interventor aprueba el desglose de los componentes manteniendo el mismo precio unitario de cada ítem, cumpliendo con las especificaciones de construcción vigentes para el proyecto.
B107: Nota 2: Cuando se trate de Análisis de precios unitarios de ítems no previstos, el Interventor aprueba el desglose y precio unitario de cada ítem no previsto, exigiendo la aplicación de los costos correspondientes a insumos y tarifas de la propuesta económica inicial cuando estén contemplados, cumpliendo con las especificaciones de construcción vigente para el proyecto.
E113: Firma
E114: Nombre:
E115: Representante Legal del Interventor o su Apoderado
E116: Matricula No. :
B118: Original: Archivo de Gestión del Contrato (Subdirección Administrativa).
B119: Copias: Unidad Ejecutora, Contratista, Interventor y Dirección Territorial.
